 Dungeon Crawl Stone Soup version 0.29.1-15-g9cfb28693d (webtiles) character file.

Game seed: 15473380244031645835

13682074 ponobo the Skullcrusher (level 27, 249/249 HPs)
             Began as a Gnoll Fire Elementalist on Mar 7, 2023.
             Was the Champion of Cheibriados.
             Escaped with the Orb
             ... and 15 runes on Mar 8, 2023!
             The game lasted 07:53:09 (117177 turns).

ponobo the Skullcrusher (Gnoll Fire Elementalist) Turns: 117177, Time: 07:53:10

Health: 249/249    AC: 56    Str: 36      XL:     27
Magic:  63/63      EV: 37    Int: 49 (51) God:    Cheibriados [******]
Gold:   9632       SH: 37    Dex: 29      Spells: 8/80 levels left

rFire   + + +      SeeInvis +     - Unarmed
rCold   + + +      Faith    .   W - +8 tower shield {reflect}
rNeg    + + +      Spirit   .   y - +8 shadow dragon scales of the Four Heavens {-Tele rF+++ Regen+ SInv Stlth++++}
rPois   ∞          Reflect  +   q - +2 helmet {Int+3}
rElec   +          Harm     .   w - +2 cloak of the Thief {*Fog Slay-2 SInv Stlth+}
rCorr   +          Rampage  .   H - +2 pair of gloves of Civuskiq {rC- rN+ rCorr Str+3}
Will    +++++      NoTele   +   L - +3 pair of mountain boots {steadfast, rC+}
Stlth   +++++.....              h - amulet of Vitality {RegenMP++ Regen++}
HPRegen 2.91/turn               X - ring "Fybusox" {rF+ rC++ rCorr Str+4 Int+3}
MPRegen 1.18/turn               t - ring of Uceehiku {*Slow rC+ Will+++ MP+9 Int+9}

@: lich-form, studying 6 skills, very slow
A: draining attack, torment immunity, no potions, fangs 1, strong nose,
distributed training, deterioration 1, electricity resistance, sturdy frame 1
0: Orb of Zot
}: 15/15 runes: decaying, slimy, silver, golden, iron, obsidian, icy, bone,
abyssal, demonic, glowing, magical, fiery, dark, gossamer
a: End Transformation, Renounce Religion, Bend Time, Temporal Distortion,
Slouch, Step From Time


You escaped.
You worshipped Cheibriados.
Cheibriados was exalted by your worship.
You were an undead lich.
You visited 18 branches of the dungeon, and saw 88 of its levels.
You visited Pandemonium 1 time, and saw 15 of its levels.
You visited the Abyss 2 times.
You visited 1 bazaar.
You completed 1 ziggurat, and saw 27 of its levels.
You also visited: Bailey, Ice Cave, Volcano, Wizlab and Desolation.

You collected 18389 gold pieces.
You spent 8757 gold pieces at shops.

Inventory:

Hand Weapons
 c - the +8 autumn katana {vorpal, manifold assault}
   (You found it on level 12 of a ziggurat)

   It sometimes launches melee attacks against multiple visible enemies.
 e - the +10 rapier of Melee {vorpal, Will+ Int+3 Dex+4}
   (You bought it in a shop on level 2 of the Orcish Mines)

   It inflicts extra damage upon your enemies.
   Int:       It affects your intelligence (+3).
   Dex:       It affects your dexterity (+4).
   Will:      It increases your willpower.
 B - the +8 demon trident "Rift" {distort, reach+}
   (You found it on level 11 of a ziggurat)

   It warps and distorts space around it, and may blink, banish, or inflict
   extra damage upon those it strikes.
   Unwielding it can cause banishment or high damage.
   It can reach especially far, and its reaching attacks ignore other creatures
   in the way.
 G - the +7 triple sword of the Evil Eye {holy, rC+ Str+5 Int-2 SInv}
   (You found it on level 23 of a ziggurat)

   It has been blessed by the Shining One to cause great damage to the undead
   and demons.
   Str:       It affects your strength (+5).
   Int:       It affects your intelligence (-2).
   rC:        It protects you from cold.
   SInv:      It lets you see invisible.
Missiles
 l - 21 atropa-tipped darts
 N - 28 curare-tipped darts (quivered)
Armour
 q - a +2 helmet of intelligence (worn)
 w - the +2 cloak of the Thief (worn) {*Fog Slay-2 SInv Stlth+}
   (You found it in the Desolation of Salt)

   It may release a thick cloud of smoke when the wearer is hurt.
   Slay:      It affects your accuracy & damage with ranged weapons and melee
   (-2).
   SInv:      It lets you see invisible.
   Stlth:     It makes you more stealthy.
 y - the +8 shadow dragon scales of the Four Heavens (worn) {-Tele rF+++ Regen+ SInv Stlth++++}
   (You acquired it on level 2 of the Depths)

   rF:        It renders you almost immune to fire.
   SInv:      It lets you see invisible.
   -Tele:     It prevents most forms of teleportation.
   Regen:     It increases your rate of health regeneration.
   Stlth:     It makes you much more stealthy.
 H - the +2 pair of gloves of Civuskiq (worn) {rC- rN+ rCorr Str+3}
   (You found it on level 5 of the Vaults)

   Str:       It affects your strength (+3).
   rC:        It makes you vulnerable to cold.
   rN:        It protects you from negative energy.
   rCorr:     It protects you from acid and corrosion.
 L - the +3 pair of mountain boots (worn) {steadfast, rC+}
   (You found it on level 7 of Cocytus)

   It prevents involuntary movement, except for blinking, teleportation, or
   banishment.
   rC:        It protects you from cold.
 M - the +9 scales of the Dragon King {rPois rF+ rC+ Will+}
   (You bought it in a shop on level 5 of the Vaults)

   rF:        It protects you from fire.
   rC:        It protects you from cold.
   rPois:     It protects you from poison.
   Will:      It increases your willpower.
 W - a +8 tower shield of reflection (worn)
Jewellery
 a - the ring of Daoph {rPois rF+ Will+}
   (You bought it in a shop on level 1 of the Depths)

   [ring of protection from fire]

   rF:        It protects you from fire.
   rPois:     It protects you from poison.
   Will:      It increases your willpower.
 h - the amulet of Vitality (around neck) {RegenMP++ Regen++}
   (You found it on level 6 of a ziggurat)

   [amulet of magic regeneration]

   It increases your rate of magic regeneration.
   Regen:     It increases your rate of health regeneration.
 i - the ring "Xinkig" {rF++ Str+4 Int+6 Stlth-}
   (You found it on level 15 of a ziggurat)

   [ring of intelligence]

   Str:       It affects your strength (+4).
   Int:       It affects your intelligence (+6).
   rF:        It greatly protects you from fire.
   Stlth:     It makes you less stealthy.
 t - the ring of Uceehiku (right hand) {*Slow rC+ Will+++ MP+9 Int+9}
   (You found it on level 8 of a ziggurat)

   [ring of protection from cold]

   Int:       It affects your intelligence (+9).
   rC:        It protects you from cold.
   MP:        It affects your magic capacity (+9).
   *Slow:     It may slow you when you take damage.
   Will:      It greatly increases your willpower.
 u - the ring "Wesua" {rElec rF+ Will+ rCorr Str-4}
   (You found it on level 3 of the Tomb of the Ancients)

   [ring of willpower]

   Str:       It affects your strength (-4).
   rF:        It protects you from fire.
   rElec:     It insulates you from electricity.
   rCorr:     It protects you from acid and corrosion.
   Will:      It increases your willpower.
 I - the ring "Asempofu" {rC++ Dex+6 SInv}
   (You found it on level 12 of a ziggurat)

   [ring of dexterity]

   Dex:       It affects your dexterity (+6).
   rC:        It greatly protects you from cold.
   SInv:      It lets you see invisible.
 U - the ring "Qylom" {rElec rPois rN+ Will+}
   (You found it on level 7 of the Iron City of Dis)

   [ring of positive energy]

   rElec:     It insulates you from electricity.
   rPois:     It protects you from poison.
   rN:        It protects you from negative energy.
   Will:      It increases your willpower.
 X - the ring "Fybusox" (left hand) {rF+ rC++ rCorr Str+4 Int+3}
   (You found it on level 3 of the Crypt)

   [ring of resist corrosion]

   Str:       It affects your strength (+4).
   Int:       It affects your intelligence (+3).
   rF:        It protects you from fire.
   rC:        It greatly protects you from cold.
   rCorr:     It protects you from acid and corrosion.
Wands
 j - a wand of acid (21)
 n - a wand of polymorph (48)
 x - a wand of roots (89)
 K - a wand of digging (11)
 R - a wand of charming (70)
 T - a wand of mindburst (42)
Scrolls
 f - 35 scrolls of teleportation
 r - 21 scrolls of amnesia
 C - 22 scrolls of butterflies
 D - 8 scrolls of fear
 E - 8 scrolls of enchant armour
 F - 28 scrolls of enchant weapon
 J - 8 scrolls of silence
 P - 14 scrolls of blinking
 S - 3 scrolls of magic mapping
 Y - 9 scrolls of summoning
Potions
 b - 13 potions of magic
 d - 38 potions of curing
 g - 14 potions of cancellation
 k - 10 potions of flight
 m - 18 potions of heal wounds
 p - 24 potions of brilliance
 s - 13 potions of might
 z - 4 potions of resistance
 A - 30 potions of mutation
 O - 16 potions of attraction
 Q - 13 potions of ambrosia
Miscellaneous
 o - a box of beasts
 v - a +1 figurine of a ziggurat
 V - a phantom mirror
 Z - a condenser vane


   Skills:
 O Level 27 Fighting
 O Level 27 Short Blades
 O Level 27 Long Blades
 O Level 27 Axes
 O Level 27 Maces & Flails
 O Level 27 Polearms
 O Level 27 Staves
 O Level 27 Ranged Weapons
 O Level 27 Throwing
 O Level 27 Armour
 O Level 27 Dodging
 O Level 27 Stealth
 O Level 27 Shields
 O Level 27 Unarmed Combat
 O Level 27 Spellcasting
 O Level 27 Conjurations
 O Level 27 Hexes
 O Level 27 Summonings
 O Level 27 Necromancy
 O Level 27 Translocations
 O Level 27 Transmutations
 O Level 27 Fire Magic
 O Level 27 Ice Magic
 O Level 27 Air Magic
 O Level 27 Earth Magic
 O Level 27 Poison Magic
 O Level 27 Invocations
 O Level 27 Evocations


You had 8 spell levels left.
You knew the following spells:

 Your Spells              Type           Power      Damage    Failure   Level
a - Dispel Undead         Necr           100%       3d31      0%          4
b - Dragon's Call         Summ           73%        N/A       1%          9
c - Flame Wave            Conj/Fire      100%       2d21      0%          4
d - Irradiate             Conj/Tmut      73%        3d36      0%          5
e - Borgnjor's Vile Clut  Necr/Erth      86%        N/A       0%          5
f - Lesser Beckoning      Tloc           100%       N/A       0%          3
g - Ozocubu's Armour      Ice            100%       N/A       0%          3
h - Wereblood             Tmut           100%       N/A       0%          2
i - Storm Form            Tmut/Air       73%        N/A       0%          7
j - Yara's Violent Unrav  Hex/Tmut       73%        3d27      0%          5
k - Necromutation         Tmut/Necr      86%        N/A       1%          8
m - Shatter               Erth           73%        3d53*     1%          9
n - Maxwell's Capacitive  Air            73%        ∞         1%          8

Your spell library contained the following spells:

 Spells                   Type           Power      Damage    Failure   Level
 Apportation              Tloc           100%       N/A       0%          1
 Beastly Appendage        Tmut           100%       N/A       0%          1
 Foxfire                  Conj/Fire      100%       2x1d9     0%          1
 Freeze                   Ice            100%       1d11      0%          1
 Magic Dart               Conj           100%       1d8       0%          1
 Necrotise                Necr           100%       1d9       0%          1
 Sandblast                Erth           100%       2d20      0%          1
 Shock                    Conj/Air       100%       1d9       0%          1
 Slow                     Hex            100%       N/A       0%          1
 Sting                    Tmut/Pois      100%       1d8       0%          1
 Summon Small Mammal      Summ           100%       N/A       0%          1
 Blink                    Tloc           100%       N/A       0%          2
 Call Imp                 Summ           100%       N/A       0%          2
 Ensorcelled Hibernation  Hex/Ice        100%       N/A       0%          2
 Passwall                 Tmut/Erth      100%       N/A       0%          2
 Poisonous Vapours        Pois/Air       100%       N/A       0%          2
 Scorch                   Fire           100%       2d10      0%          2
 Searing Ray              Conj           100%       2d8       0%          2
 Static Discharge         Conj/Air       100%       3-16/arc  0%          2
 Sublimation of Blood     Necr           100%       N/A       0%          2
 Call Canine Familiar     Summ           100%       N/A       0%          3
 Confusing Touch          Hex            100%       N/A       0%          3
 Conjure Flame            Conj/Fire      100%       6-21      0%          3
 Dazzling Flash           Conj/Hex       100%       N/A       0%          3
 Frozen Ramparts          Ice            100%       1d16      0%          3
 Gell's Gravitas          Tloc           100%       N/A       0%          3
 Ignite Poison            Fire/Tmut/Pois 100%       N/A       0%          3
 Inner Flame              Hex/Fire       100%       N/A       0%          3
 Mephitic Cloud           Conj/Pois/Air  100%       N/A       0%          3
 Portal Projectile        Hex/Tloc       100%       N/A       0%          3
 Spider Form              Tmut/Pois      100%       N/A       0%          3
 Stone Arrow              Conj/Erth      100%       3d13      0%          3
 Summon Guardian Golem    Hex/Summ       100%       N/A       0%          3
 Swiftness                Air            100%       N/A       0%          3
 Teleport Other           Tloc           100%       N/A       0%          3
 Tukima's Dance           Hex            100%       N/A       0%          3
 Vampiric Draining        Necr           100%       2d13      0%          3
 Airstrike                Air            73%        2d(11-27) 0%          4
 Anguish                  Hex/Necr       86%        N/A       0%          4
 Animate Armour           Summ/Erth      100%       N/A       0%          4
 Animate Dead             Necr           100%       N/A       0%          4
 Cause Fear               Hex            73%        N/A       0%          4
 Corpse Rot               Necr/Pois/Air  100%       N/A       0%          4
 Fulminant Prism          Conj/Hex       73%        3d30      0%          4
 Hailstorm                Conj/Ice       100%       3d20      0%          4
 Ice Form                 Ice/Tmut       100%       N/A       0%          4
 Iskenderun's Mystic Bla  Conj/Tloc      100%       2d19      0%          4
 Leda's Liquefaction      Hex/Erth       73%        N/A       0%          4
 Olgreb's Toxic Radiance  Pois           100%       N/A       0%          4
 Passage of Golubria      Tloc           100%       N/A       0%          4
 Petrify                  Tmut/Erth      100%       N/A       0%          4
 Sticky Flame             Conj/Fire      100%       2d11      0%          4
 Summon Ice Beast         Ice/Summ       100%       N/A       0%          4
 Summon Lightning Spire   Summ/Air       100%       N/A       0%          4
 Agony                    Necr           100%       N/A       0%          5
 Alistair's Intoxication  Tmut/Pois      97%        N/A       0%          5
 Blade Hands              Tmut           73%        N/A       0%          5
 Fireball                 Conj/Fire      73%        3d27      0%          5
 Freezing Cloud           Conj/Ice/Air   73%        6-21      0%          5
 Iskenderun's Battlesphe  Conj           100%       2d15      0%          5
 Lee's Rapid Deconstruct  Erth           73%        3d34*     0%          5
 Lightning Bolt           Conj/Air       73%        1d98      0%          5
 Manifold Assault         Tloc           100%       N/A       0%          5
 Metabolic Englaciation   Hex/Ice        73%        N/A       0%          5
 Silence                  Hex/Air        73%        N/A       0%          5
 Summon Forest            Summ/Tloc      73%        N/A       0%          5
 Summon Mana Viper        Hex/Summ       100%       N/A       0%          5
 Conjure Ball Lightning   Conj/Air       73%        3x3d27    0%          6
 Death Channel            Necr           86%        N/A       0%          6
 Dispersal                Tloc           73%        N/A       0%          6
 Eringya's Noxious Bog    Tmut/Pois      73%        N/A       0%          6
 Iron Shot                Conj/Erth      73%        9d13      0%          6
 Simulacrum               Ice/Necr       86%        N/A       0%          6
 Starburst                Conj/Fire      73%        6d19      0%          6
 Statue Form              Tmut/Erth      97%        N/A       0%          6
 Summon Cactus Giant      Summ           73%        N/A       0%          6
 Dragon Form              Tmut           73%        N/A       0%          7
 Enfeeble                 Hex            73%        N/A       0%          7
 Haunt                    Necr/Summ      86%        N/A       0%          7
 Malign Gateway           Summ/Tloc      73%        N/A       0%          7
 Orb of Destruction       Conj           73%        9d17      0%          7
 Spellforged Servitor     Conj/Summ      73%        N/A       0%          7
 Summon Hydra             Summ           73%        N/A       0%          7
 Borgnjor's Revivificati  Necr           86%        N/A       1%          8
 Discord                  Hex            73%        N/A       1%          8
 Disjunction              Tloc           73%        N/A       1%          8
 Ignition                 Fire           73%        3d19      1%          8
 Infestation              Necr           86%        N/A       1%          8
 Lehudib's Crystal Spear  Conj/Erth      73%        10d16     1%          8
 Summon Horrible Things   Summ           73%        N/A       1%          8
 Chain Lightning          Conj/Air       73%        3d97      1%          9
 Death's Door             Necr           86%        N/A       1%          9
 Fire Storm               Conj/Fire      73%        8d18      1%          9
 Polar Vortex             Ice            73%        N/A       1%          9


Dungeon Overview and Level Annotations

Branches:
Dungeon (15/15)            Temple (1/1) D:5            Lair (5/5) D:11
  Swamp (4/4) Lair:2       Spider (4/4) Lair:3        Slime (5/5) Lair:5
    Orc (2/2) D:11            Elf (3/3) Orc:2        Vaults (5/5) D:14
  Crypt (3/3) Vaults:2       Tomb (3/3) Crypt:3      Depths (4/4) D:15
   Hell (visited)             Dis (7/7) Hell            Geh (7/7) Hell
    Coc (7/7) Hell            Tar (7/7) Hell            Zot (5/5) Depths:4
 Bailey (visited)           IceCv (visited)         Volcano (visited)
 WizLab (visited)         Desolation (visited)

Altars:
Ashenzari
Cheibriados
Dithmenos
Elyvilon
Fedhas
Gozag
Hepliaklqana
Kikubaaqudgha
Makhleb
Nemelex Xobeh
Okawaru
Qazlal
Ru
Sif Muna
Trog
Uskayaw
Vehumet
Wu Jian
Xom
Yredelemnul
Zin
The Shining One
Jiyva

Shops:
D:5 :   Orc:2 ([*:   Elf:1 (   Vaults:5 [([   Depths:1 ::=   Depths:2 ?

Portals:
Hell: Depths:1 Depths:2 Depths:3 Depths:4
Abyss: Depths:1 Depths:2 Depths:3
Pandemonium: Depths:2

Annotations:
Lair:2 2 runed translucent doors, Cuaqer's ghost, journeyman HOFi
Zot:4 1 transporter


Innate Abilities, Weirdness & Mutations

You are an undead lich.
Your unarmed attacks are suffused with negative energy.
You are immune to unholy pain and torment.
Your necromantic spells are more powerful.
You cannot drink.
You are immune to poison.
You have very sharp teeth.
Your uncanny sense of smell can sniff out nearby items.
Your experience applies equally to all skills.
Your body sometimes deteriorates upon taking damage.
You are resistant to electric shocks. (rElec)
Your movements are slightly less encumbered by armour. (ER -2)


Message History

You block the soul eater's attack. You block Vuemn's attack.
You hit Vuemn but do no damage. Your bite misses Vuemn.
Vuemn is almost dead.
The hellwing swoops through the air toward you!
You block the hellwing's attack. x2
You squash Vuemn like an ant!!!
You kill Vuemn!
Cheibriados thoroughly appreciates the change of pace.
The soul eater completely misses you.
You feel your intelligence returning.
You hit the soul eater but do no damage.
You block the hellwing's attack. x2
You hit the soul eater but do no damage.
You block the soul eater's attack.
You completely miss the soul eater. You block the hellwing's attack. x2
You pummel the soul eater!!
The soul eater is moderately wounded.
You block the soul eater's attack.
You punch the soul eater!
The soul eater is heavily wounded.
You block the hellwing's attack. x2
You squash the soul eater like an ant!!!
You kill the soul eater!
Cheibriados appreciates the change of pace.
You punch the hellwing!
You bite the hellwing, but do no damage.
The hellwing is lightly wounded.
You block the hellwing's attack. The hellwing completely misses you.
You block the hellwing's attack. The hellwing completely misses you.
You pummel the hellwing!!
You bite the hellwing, but do no damage.
The hellwing is almost dead.
You pummel the hellwing!!
You kill the hellwing!
Cheibriados thoroughly appreciates the change of pace.
You block the hellwing's attack. x2
You squash the hellwing like an ant!!!
You kill the hellwing!
Cheibriados thoroughly appreciates the change of pace.
You have escaped!

....# #..#..##.#.##..#..........
...## #.###.#8.#.8#.###......###
..## #.###.##.#.##.###......#
#..## #..#..#8.#.8#..#.......###
##..##
#.....##.#.##.............
##..#########8...8######...###.#
##..# #8#8#8#...#8#8#8##### #.#
##.###...............#### #.#
#...'.###.(.L...###.'..####.#
#####...............#........
#8#8#8#...#8#8#8######.##
#######8...8####### #..#
#.....##.#.##.....# #.##
#######..#..#8.#.8#..#..####.###
#.......###.##.#.##.###.#......#
#.......###.#8.#.8#.###.#.......
#........#..##.#.##..#..#......#


There were no monsters in sight!

Vanquished Creatures
  Cerebov (Pan)
  Asmodeus (Geh:7)
  Antaeus (Coc:7)
  Gloorx Vloq (Pan)
  the Serpent of Hell (Dis:7)
  Ereshkigal (Tar:7)
  Mnoleg (Pan)
  17 pandemonium lords
  The ghost of protoss039 the Slayer, a legendary DsEE of Vehumet (Zig:16)
  10 dread liches
  12 ancient liches
  Dispater (Dis:7)
  4 orbs of fire
  Mennas (Pan)
  Mara (Elf:3)
  8 juggernauts
  The ghost of Wammos the Grand Master, a legendary TeCj of Cheibriados (Zig:16)
  Vv (Zot:4)
  43 royal mummies
  14 shard shrikes
  Saint Roka (Depths:3)
  9 Killer Klowns
  The ghost of Bunoc the Executioner, a veteran FoFi of Dithmenos (Crypt:2)
  7 curse toes
  11 golden dragons
  25 caustic shrikes
  The ghost of Janeylunn the Victor of a Thousand Battles, a veteran GnWn of Okawaru (Zig:16)
  Geryon (Hell)
  10 profane servitors
  Arachne (Spider:4)
  A mutant beast (WizLab)
  6 pearl dragons
  17 doom hounds
  30 bone dragons
  25 iron giants
  12 hellephants
  A spectral shard shrike (Tar:6)
  11 Brimstone Fiends
  An electric golem (Zot:5)
  Zenata (Vaults:4)
  A shard shrike zombie (Tar:2)
  17 tentacled monstrosities
  13 Tzitzimimeh
  26 Orb Guardians (Zot:5)
  6 liches
  43 Hell Sentinels
  30 Ice Fiends
  Jorgrun (Swamp:3)
  17 searing wretches
  21 acid blobs
  A quicksilver dragon (shapeshifter) (Zig:21)
  Asterion (Vaults:1)
  Rupert (D:14)
  19 titans
  7 deep elf master archers
  4 deep elf blademasters
  15 tainted leviathans
  47 ancient champions
  3 quicksilver dragons
  3 tentacled starspawn (Abyss:4)
  3 death cobs
  15 Executioners (Pan)
  A thorn hunter (Swamp:4)
  12 shadow dragons
  17 sphinxes
  Agnes (Spider:4)
  Kirke (D:15)
  18 storm dragons
  8 tengu reavers
  Donald (Spider:4)
  25 narguns
  21 azure jellies
  Roxanne (Elf:3)
  19 quicksilver elementals
  21 fire giants
  9 daevas (Zig:27)
  6 demonspawn warmongers (Pan)
  3 imperial myrmidons (Desolation)
  18 frost giants
  11 rockslimes
  9 nagarajas
  5 draconian monks
  4 iron dragons
  3 draconian knights
  16 revenants
  A fenstrider witch (shapeshifter) (Zig:21)
  2 draconian scorchers (Zot:5)
  2 spectral juggernauts
  7 deep elf sorcerers
  5 shard shrike simulacra
  39 balrugs
  6 draconian shifters
  13 vault wardens
  4 spectral caustic shrikes
  4 orc warlords
  6 emperor scorpions
  4 ghost moths
  Louise (D:14)
  2 juggernaut zombies
  5 draconian annihilators
  4 deep elf elementalists
  10 curse skulls
  A caustic shrike zombie (D:15)
  A draconian stormcaller (Zig:3)
  10 angels
  4 ghouls
  A demonspawn blood saint (Pan)
  24 cacodemons
  3 spriggan defenders (Depths:3)
  29 war gargoyles
  9 demonspawn corrupters
  25 reapers
  2 caustic shrike skeletons (Pan)
  2 juggernaut skeletons (Zig:13)
  19 ironbound preservers
  9 ophanim
  8 quicksilver oozes
  10 green draconians
  A stone giant (shapeshifter) (Zig:21)
  3 ironbound thunderhulks
  A broodmother (Spider:2)
  11 vampire knights
  52 very ugly things
  9 apis
  15 stone giants
  19 putrid mouths
  12 deep elf demonologists
  8 demonspawn black suns
  Nessos (Lair:3)
  6 entropy weavers
  20 elemental wellsprings
  10 bennus
  A halazid warlock (Desolation)
  8 black draconians
  12 lorocyprocas
  7 yellow draconians
  2 eleionomae (Swamp:3)
  10 red draconians
  28 wendigos
  2 spark wasps
  17 dire elephants
  9 purple draconians
  14 deep elf annihilators
  4 bunyips
  7 white draconians
  A crystal guardian (Desolation)
  15 ettins
  A spectral iron giant (Tar:3)
  10 blizzard demons
  35 eidola
  10 jiangshi
  2 spectral quicksilver dragons
  An acid blob zombie (Crypt:2)
  13 deep elf high priests
  9 green deaths (Pan)
  3 spectral spriggans
  12 deep elf death magi
  3 fire dragons
  2 shambling mangroves
  The ghost of IHuginn the Covert, a journeyman OpBe of Trog (D:10)
  38 mummy priests
  15 yaktaur captains
  A spriggan zombie (Zig:25)
  A spectral golden dragon (Tar:2)
  12 ragged hierophants (Desolation)
  5 ice dragons
  2 rakshasas
  11 servants of whispers (Desolation)
  2 ogre magi
  3 hell beasts
  33 hydras
  16 great orbs of eyes
  6 spriggan air magi
  15 caustic shrike simulacra
  10 boulder beetles
  33 vault guards
  2 quicksilver dragon skeletons
  21 salamander tyrants
  8 peacekeepers
  3 catoblepae
  5 radroaches
  12 stokers
  22 centaur warriors
  A spectral stone giant (Tar:3)
  3 ghost crabs
  10 ironbound frosthearts
  15 juggernaut simulacra
  A spectral human (Crypt:3)
  2 death knights
  2 jorogumos (Spider:4)
  2 spriggan skeletons (Tomb:3)
  5 two-headed ogres
  34 dancing weapons
  10 alligators
  36 hell hogs
  69 death scarabs
  2 naga warriors (Zig:26)
  12 tengu warriors
  9 deep troll earth magi
  4 orc high priests
  5 death yaks
  9 vampire magi
  6 deep troll shamans
  7 thrashing horrors
  A shock serpent (Zig:26)
  2 spectral dire elephants
  2 spectral nagas
  16 spriggans
  3 spriggan berserkers
  Urug (Lair:4)
  3 spectral storm dragons (Crypt:3)
  2 naga sharpshooters (Zig:26)
  A hell knight (Vaults:5)
  19 deep elf knights
  35 soul eaters
  3 titan zombies
  56 sun demons
  4 titan skeletons
  17 crystal echidnas
  A storm dragon zombie (Zig:25)
  34 sixfirhies
  2 storm dragon skeletons (Zig:18)
  15 iron trolls
  2 fire crabs (shapeshifter)
  2 goliath frogs
  58 skeletal warriors
  6 wretched stars
  The ghost of diceflayer the Skirmisher, a novice DsHu (D:8)
  6 spatial maelstroms (Zig:7)
  4 spriggan druids
  10 cherubim (Zig:27)
  67 deep trolls
  36 shadow wraiths
  A golden dragon zombie (Zig:13)
  15 shadow demons
  9 pharaoh ants
  6 sun moths
  Lodul (D:10)
  6 bog bodies
  A deep troll (shapeshifter) (WizLab)
  2 quicksilver dragon simulacra
  8 glowing orange brains
  18 orb spiders
  18 lindwurms
  4 steelbarb worms
  9 swamp dragons
  9 orc knights
  14 flayed ghosts
  2 naga ritualists (Zig:26)
  10 deep elf archers
  5 spriggan simulacra
  A bunyip skeleton (Pan)
  An orange crystal statue (Elf:3)
  2 shadow dragon zombies
  7 necromancers
  14 wizards
  A fenstrider witch simulacrum (Crypt:3)
  Pikel (D:5)
  An anaconda skeleton (Hell)
  30 deep elf pyromancers
  A stone giant zombie (D:15)
  A spectral iron dragon (Tar:1)
  A faun (shapeshifter) (Depths:1)
  4 harpies (Vaults:2)
  27 ironbound convokers
  A golden dragon skeleton (Zig:25)
  20 phantasmal warriors
  32 deep elf zephyrmancers
  2 iron dragon zombies
  A shadow dragon skeleton (Zig:25)
  10 orc sorcerers
  13 oklob plants (Zig:20)
  7 shining eyes
  A shining eye (shapeshifter) (Zig:15)
  A salamander (Zig:26)
  6 cyclopes
  A sphinx skeleton (Zig:25)
  8 manticores
  A fire giant zombie (Vaults:4)
  60 ugly things
  30 moths of wrath
  5 spectral centaurs
  A will-o-the-wisp (Swamp:4)
  2 worldbinders
  21 wolf spiders
  A frost giant skeleton (Vaults:4)
  19 elephants
  2 salamanders (shapeshifter)
  4 spectral ettins
  A tengu skeleton (Zig:18)
  An eleionoma skeleton (Crypt:2)
  8 black mambas
  A black mamba (shapeshifter) (WizLab)
  Maurice (D:8)
  19 vault sentinels
  A centaur zombie (Tomb:3)
  6 guardian serpents
  3 naga magi (Zig:26)
  7 eyes of devastation
  A guardian serpent (shapeshifter) (WizLab)
  A stone giant skeleton (D:15)
  5 titan simulacra
  10 ice statues
  4 apocalypse crabs
  23 smoke demons
  12 torpor snails
  An alligator snapping turtle zombie (Hell)
  15 cane toads
  A human zombie (Vaults:4)
  10 molten gargoyles
  26 orange demons
  9 rust devils
  3 dire elephant zombies
  2 unseen horrors (shapeshifter)
  A cane toad (shapeshifter) (WizLab)
  A minotaur zombie (Crypt:3)
  2 rime drakes (shapeshifter) (WizLab)
  4 rime drakes
  Maggie (Lair:2)
  A dire elephant skeleton (Tomb:2)
  2 kobold demonologists
  15 demonic crawlers
  25 yaktaurs
  A steelbarb worm zombie (Crypt:1)
  A yaktaur (shapeshifter) (WizLab)
  2 anaconda simulacra
  A bunyip simulacrum (Coc:2)
  A spark wasp simulacrum (Depths:2)
  31 freezing wraiths
  33 hellions
  11 ice devils
  8 komodo dragons
  3 komodo dragons (shapeshifter)
  A golden dragon simulacrum (Coc:5)
  A death yak zombie (Crypt:3)
  29 tormentors
  6 tengu conjurers
  7 efreet
  7 hellwings
  4 iron giant simulacra
  3 unseen horrors
  67 guardian mummies
  6 spectral harpies
  4 trolls
  4 ancient zymes (Abyss:4)
  3 meliai (shapeshifter)
  2 red devils
  A queen bee (shapeshifter) (WizLab)
  A bloated husk (Swamp:1)
  9 polar bears (Lair:5)
  7 meliai
  13 tyrant leeches
  2 harpy zombies (Tar:2)
  2 queen bees
  19 hornets
  Prince Ribbit (D:6)
  A polar bear (shapeshifter) (WizLab)
  A satyr zombie (Crypt:1)
  A tengu simulacrum (Zig:25)
  144 slime creatures
  19 tarantellas
  The ghost of pirx the Magician, an amateur DjCj (D:5)
  A hornet (shapeshifter) (D:14)
  An ettin zombie (Vaults:4)
  A tarantella (shapeshifter) (WizLab)
  8 raiju
  69 saltlings (Desolation)
  13 blink frogs
  3 harpy skeletons
  4 dream sheep (Lair:5)
  A jumping spider (shapeshifter) (WizLab)
  A stone giant simulacrum (Coc:2)
  An iron dragon simulacrum (Coc:3)
  A centaur simulacrum (Crypt:3)
  A spriggan (shapeshifter) (WizLab)
  4 shadows
  An alligator skeleton (Crypt:2)
  22 culicivoras
  2 air elementals (Elf:2)
  32 flying skulls
  8 water elementals
  A black mamba zombie (Crypt:2)
  2 ettin skeletons
  2 fire dragon skeletons
  19 ynoxinuls
  2 yaks (shapeshifter)
  5 dire elephant simulacra
  2 vampires
  27 jumping spiders
  45 yaks
  8 wraiths
  6 wyverns
  3 black mamba skeletons
  23 ushabtiu
  A hog (shapeshifter) (Vaults:5)
  31 neqoxecs
  7 golden eyes
  4 hogs (D:15)
  A human (shapeshifter) (WizLab)
  4 steam dragons
  A wyvern (shapeshifter) (WizLab)
  2 fire elementals (Elf:3)
  3 alligator snapping turtle simulacra (Coc:1)
  A basilisk (shapeshifter) (WizLab)
  15 humans
  8 vampire mosquitoes
  A death yak simulacrum (IceCv)
  9 basilisks
  48 large abominations
  18 swamp worms
  21 chaos spawn (Pan)
  28 redbacks
  4 hydra simulacra
  34 iron golems
  A faun zombie (Crypt:1)
  A naga zombie (Tar:2)
  21 harpy simulacra
  10 wargs
  A water nymph zombie (Crypt:2)
  4 nagas
  A fire bat zombie (Crypt:2)
  A two-headed ogre zombie (D:11)
  14 water moccasins
  2 acid dragons
  A glowing shapeshifter skeleton (Zig:13)
  19 hell hounds
  9 swamp drakes
  6 floating eyes
  A two-headed ogre skeleton (Crypt:1)
  2 naga skeletons
  3 ice beasts
  A demonspawn skeleton (Crypt:3)
  A black bear (shapeshifter) (WizLab)
  13 black bears
  6 ettin simulacra
  12 starcursed masses (Abyss:4)
  An ice dragon simulacrum (Coc:1)
  47 orc warriors
  14 ogres
  11 small abominations
  24 wolves
  A boggart (Vaults:1)
  23 centaurs
  A boggart (shapeshifter) (WizLab)
  2 swamp dragon skeletons (Crypt:3)
  2 phantoms
  20 kobold brigands
  15 bullfrogs
  5 earth elementals
  4 necrophages
  A two-headed ogre simulacrum (D:11)
  A human simulacrum (Depths:2)
  4 naga simulacra
  7 scorpions
  3 wights (D:9)
  A water moccasin skeleton (Crypt:3)
  A killer bee (shapeshifter) (D:8)
  57 killer bees
  9 howler monkeys
  4 electric eels
  3 jellies
  5 hounds
  12 orc priests
  A gnoll bouda (D:4)
  Crazy Yiuf (D:3)
  4 iguanas
  Terence (D:2)
  11 hell rats
  14 orc wizards
  A scorpion zombie (Crypt:1)
  A polar bear simulacrum (IceCv)
  2 troll simulacra (D:11)
  7 ogre zombies (D:11)
  A tengu zombie (Crypt:1)
  72 mummies
  17 gnolls
  10 river rats
  9 adders
  A steam dragon zombie (Crypt:1)
  A white imp (D:5)
  2 ufetubi (D:6)
  An iguana zombie (Crypt:1)
  2 worms (D:2)
  2 dart slugs
  65 orcs
  A bat zombie (Crypt:1)
  11 endoplasms
  3 giant cockroaches
  A giant cockroach (shapeshifter) (D:8)
  7 goblins
  4 hobgoblins
  10 jackals
  A jackal (shapeshifter) (D:8)
  A quokka (D:5)
  5 ball pythons
  9 bats
  4 frilled lizards
  6 goblin zombies (D:11)
  A hobgoblin skeleton (D:11)
  4 hobgoblin zombies (D:11)
  37 kobolds
  2 orc skeletons (D:11)
  12 orc zombies (D:11)
  16 rats
  A rat skeleton (Crypt:1)
  A creeping inferno (Geh:6)
  14 fire vortices
  A foxfire (Orc:1)
  2 lurking horrors
  2 pillars of salt (Elf:1)
4935 creatures vanquished.

Vanquished Creatures (collateral kills)
  the Royal Jelly (Slime:5)
  Lom Lobon (Pan)
  A juggernaut (Zig:24)
  2 royal mummies
  9 Killer Klowns
  A caustic shrike (Zig:19)
  A shard shrike (Zig:23)
  4 pandemonium lords
  2 pearl dragons (Zig:27)
  4 iron giants (Zig:24)
  2 Brimstone Fiends
  3 Ice Fiends (Zig:23)
  A Hell Sentinel (Zig:15)
  3 quicksilver dragons (Zig:26)
  4 deep elf blademasters (Zig:22)
  6 deep elf master archers
  An Executioner (Pan)
  3 titans (Zig:24)
  2 ancient champions
  A sphinx (shapeshifter) (Zig:15)
  3 acid blobs (Zig:20)
  An eldritch tentacle (Pan)
  9 nagarajas (Zig:26)
  An azure jelly (shapeshifter) (Zig:15)
  A revenant (Tomb:1)
  3 rockslimes (Zig:20)
  2 fire giants (Zig:24)
  2 frost giants (Zig:24)
  2 daevas (Zig:27)
  An azure jelly (Slime:5)
  5 narguns (Zig:23)
  7 balrugs
  2 caustic shrike zombies
  2 cacodemons (Pan)
  A curse skull (Zig:17)
  3 angels (Zig:27)
  3 quicksilver oozes (Zig:20)
  A quicksilver ooze (shapeshifter) (Zig:21)
  A juggernaut zombie (Zig:25)
  3 very ugly things (Zig:15)
  4 stone giants (Zig:24)
  7 apis (Zig:27)
  2 demonspawn black suns (Pan)
  3 ophanim (Zig:27)
  2 vampire knights (Zig:17)
  An eleionoma (shapeshifter) (Zig:15)
  2 bennus (Zig:25)
  3 dire elephants (Zig:19)
  3 deep elf demonologists
  3 deep elf annihilators
  A dire elephant (shapeshifter) (Zig:21)
  A green death (Pan)
  10 wendigos (Zig:23)
  8 blizzard demons
  An eidolon (Zig:16)
  6 ettins (Zig:24)
  2 mummy priests (Zig:25)
  A quicksilver dragon zombie (Zig:25)
  6 deep elf high priests
  A boulder beetle (Zig:19)
  A great orb of eyes (Zig:20)
  6 salamander tyrants (Zig:26)
  3 hydras (Zig:19)
  A quicksilver dragon skeleton (Zig:25)
  2 ghost crabs (Zig:16)
  2 catoblepae (Zig:19)
  2 anacondas (Zig:26)
  A spriggan skeleton (Zig:25)
  2 naga warriors (Zig:26)
  7 dancing weapons
  A shock serpent (Zig:26)
  4 deep elf knights
  3 naga sharpshooters (Zig:26)
  8 soul eaters (Pan)
  A sun demon (Pan)
  A fire crab (shapeshifter) (Zig:15)
  2 sixfirhies (Pan)
  A shadow wraith (Pan)
  A salamander mystic (Zig:26)
  A glowing orange brain (Zig:20)
  2 spriggan druids (Zig:19)
  3 shadow demons (Pan)
  2 flayed ghosts (Zig:17)
  2 cherubim (Zig:27)
  A wizard (Pan)
  A golden dragon skeleton (Zig:25)
  A naga ritualist (Zig:26)
  3 deep elf zephyrmancers
  7 deep elf archers
  2 mana vipers (Zig:26)
  2 deep elf pyromancers (Zig:14)
  4 cyclopes (Zig:24)
  2 ugly things
  3 shining eyes (Zig:20)
  A tengu skeleton (Zig:18)
  4 slime creatures (Zig:20)
  A faun (shapeshifter) (Zig:21)
  3 elephants (Zig:19)
  4 smoke demons (Pan)
  3 guardian serpents (Zig:26)
  3 naga magi (Zig:26)
  11 black mambas
  An eye of devastation (Zig:20)
  4 apocalypse crabs (Zig:15)
  2 large abominations (Pan)
  An unseen horror (shapeshifter) (Zig:14)
  A rime drake (Zig:19)
  2 demonic crawlers (Pan)
  A hellion (Zig:23)
  A tormentor (Zig:23)
  An efreet (Pan)
  A komodo dragon (Zig:19)
  4 hellwings (Pan)
  A red devil (Pan)
  An ice devil (Pan)
  2 guardian mummies (Zig:25)
  A polar bear (shapeshifter) (Zig:14)
  A sphinx simulacrum (Zig:23)
  A dream sheep (shapeshifter) (Zig:21)
  8 flying skulls
  An air elemental (Zig:22)
  A yak (Zig:19)
  A fire elemental (Zig:22)
  2 ynoxinuls (Pan)
  2 water elementals (Zig:22)
  2 golden eyes (Pan)
  3 ushabtiu
  2 neqoxecs (Pan)
  6 chaos spawn
  A glowing shapeshifter zombie (Zig:25)
  2 nagas (Zig:26)
  4 water moccasins (Zig:19)
  An earth elemental (Zig:14)
  5 mummies
  5 fire vortices
  10 foxfires
369 creatures vanquished.

Vanquished Creatures (others)
  A shard shrike (Coc:7)
  2 Killer Klowns (Zig:21)
  A titan (Coc:4)
  An eldritch tentacle (Tomb:3)
  An ancient champion (Dis:7)
  A fenstrider witch (shapeshifter) (Zig:15)
  A vault warden (Vaults:1)
  An ophan (Zig:27)
  A deep elf death mage (Zig:16)
  A salamander tyrant (Geh:3)
  A caustic shrike simulacrum (Coc:4)
  A spriggan air mage (Depths:4)
  A juggernaut simulacrum (Coc:5)
  2 stokers
  An ogre mage (Orc:2)
  A shock serpent (Zig:26)
  A deep elf knight (Zig:14)
  A quicksilver dragon simulacrum (Coc:4)
  2 wizards (Pan)
  A phantasmal warrior (Zig:16)
  A bog body (Swamp:1)
  A deep elf zephyrmancer (Elf:1)
  2 hellions
  2 smoke demons (Pan)
  A tormentor (Geh:3)
  A guardian mummy (Tomb:3)
  A bloated husk (Swamp:1)
  2 slime creatures
  A slime creature (shapeshifter) (Vaults:5)
  3 water elementals
  A ynoxinul (Pan)
  A naga simulacrum (Coc:4)
  A human (D:14)
  A dire elephant simulacrum (Coc:5)
  3 golden eyes (Abyss:4)
  A chaos spawn (Zig:15)
  2 harpy simulacra (Coc:4)
  A swamp worm (Swamp:1)
  A hydra simulacrum (Coc:4)
  A boggart (shapeshifter) (Vaults:5)
  A mummy (Tomb:3)
  6 ball lightnings (Pan)
  23 bushes (Lair:5)
  7 creeping infernos
  A demonic plant (Abyss:4)
  11 fire vortices
  1951 foxfires
  43 fungi
  2 pillars of salt (Elf:1)
  121 plants
  2 starspawn tentacles (Abyss:4)
  8 withered plants (D:15)
2227 creatures vanquished.

Grand Total: 7531 creatures vanquished

Notes
Turn   | Place    | Note
-------+----------+-------------------------------------------
     0 | D:1      | ponobo the Gnoll Fire Elementalist began the quest for the
                  | Orb.
     0 | D:1      | Reached XP level 1. HP: 13/13 MP: 6/6
   202 | D:1      | Reached XP level 2. HP: 19/19 MP: 1/7
   642 | D:1      | Found a faded altar of an unknown god.
   858 | D:1      | Reached skill level 5 in Spellcasting
   858 | D:1      | Reached XP level 3. HP: 14/25 MP: 3/9
  1286 | D:2      | Identified the +3 war axe "Xogeoc" {vorpal, rCorr}
  1377 | D:2      | Noticed Terence
  1383 | D:2      | Killed Terence
  1384 | D:2      | Reached skill level 1 in Fighting
  1384 | D:2      | Reached skill level 1 in Short Blades
  1384 | D:2      | Reached skill level 1 in Long Blades
  1384 | D:2      | Reached skill level 1 in Axes
  1384 | D:2      | Reached skill level 1 in Maces & Flails
  1384 | D:2      | Reached skill level 1 in Polearms
  1384 | D:2      | Reached skill level 1 in Staves
  1384 | D:2      | Reached skill level 1 in Ranged Weapons
  1384 | D:2      | Reached skill level 1 in Throwing
  1384 | D:2      | Reached skill level 1 in Armour
  1384 | D:2      | Reached skill level 1 in Shields
  1384 | D:2      | Reached skill level 1 in Unarmed Combat
  1384 | D:2      | Reached skill level 1 in Invocations
  1384 | D:2      | Reached skill level 1 in Evocations
  1526 | D:2      | Learned a level 2 spell: Scorch
  1575 | D:2      | Reached XP level 4. HP: 32/32 MP: 7/11
  2033 | D:2      | Reached skill level 1 in Hexes
  2033 | D:2      | Reached skill level 1 in Summonings
  2033 | D:2      | Reached skill level 1 in Necromancy
  2033 | D:2      | Reached skill level 1 in Translocations
  2033 | D:2      | Reached skill level 1 in Transmutations
  2033 | D:2      | Reached skill level 1 in Ice Magic
  2033 | D:2      | Reached skill level 1 in Air Magic
  2033 | D:2      | Reached skill level 1 in Earth Magic
  2033 | D:2      | Reached skill level 1 in Poison Magic
  2889 | D:3      | Reached XP level 5. HP: 37/37 MP: 7/12
  2991 | D:3      | You fall into a shaft and drop 2 floors!
  2991 | D:5      | Entered Level 5 of the Dungeon
  3129 | D:5      | Found a runed translucent door.
  3133 | D:5      | Noticed pirx's ghost (amateur DjCj)
  3151 | D:5      | Noticed an ice beast
  3164 | D:5      | Reached XP level 6. HP: 44/44 MP: 2/14
  3172 | D:5      | Killed an ice beast
  3173 | D:5      | Reached skill level 5 in Dodging
  3325 | D:5      | Reached XP level 7. HP: 48/51 MP: 1/15
  3744 | D:5      | Found a hazy altar of Hepliaklqana.
  3748 | D:5      | Found a shadowy altar of Dithmenos.
  3752 | D:5      | Found a blossoming altar of Fedhas.
  3984 | D:5      | Reached skill level 5 in Stealth
  4339 | D:5      | Reached XP level 8. HP: 56/58 MP: 7/16
  4448 | D:5      | Found Wur Agam's Tremendous Tomes.
  4482 | D:5      | Found a stormy altar of Qazlal.
  4962 | D:5      | Found a staircase to the Ecumenical Temple.
  4968 | Temple   | Entered the Ecumenical Temple
  5041 | Temple   | Became a worshipper of Cheibriados the Contemplative
  5471 | D:4      | Reached * piety under Cheibriados
  6492 | D:3      | Found a runed translucent door.
  6493 | D:3      | Noticed Crazy Yiuf
  6499 | D:3      | Killed Crazy Yiuf
  6883 | D:6      | Noticed Pikel
  6921 | D:5      | Killed Pikel
  6922 | D:5      | Reached XP level 9. HP: 49/65 MP: 18/18
  7183 | D:6      | Noticed Prince Ribbit
  7808 | D:6      | Killed Prince Ribbit
  7954 | D:6      | Found a white marble altar of Elyvilon.
  7964 | D:6      | Found an iron altar of Okawaru.
  8433 | D:7      | Reached skill level 5 in Invocations
  8546 | D:7      | Reached ** piety under Cheibriados
  8655 | D:7      | Found a basalt altar of Yredelemnul.
  9148 | D:7      | Reached skill level 5 in Fighting
  9148 | D:7      | Reached skill level 5 in Short Blades
  9148 | D:7      | Reached skill level 5 in Long Blades
  9148 | D:7      | Reached skill level 5 in Axes
  9148 | D:7      | Reached skill level 5 in Maces & Flails
  9148 | D:7      | Reached skill level 5 in Polearms
  9148 | D:7      | Reached skill level 5 in Staves
  9148 | D:7      | Reached skill level 5 in Ranged Weapons
  9148 | D:7      | Reached skill level 5 in Throwing
  9148 | D:7      | Reached skill level 5 in Armour
  9148 | D:7      | Reached skill level 5 in Shields
  9148 | D:7      | Reached skill level 5 in Unarmed Combat
  9148 | D:7      | Reached skill level 5 in Evocations
  9148 | D:7      | Reached XP level 10. HP: 73/74 MP: 14/20
  9768 | D:8      | Noticed a two-headed ogre
  9799 | D:8      | Killed a two-headed ogre
  9799 | D:8      | Noticed a two-headed ogre
  9800 | D:8      | Reached skill level 5 in Conjurations
  9807 | D:8      | Killed a two-headed ogre
  9962 | D:8      | Noticed Maurice
 10002 | D:8      | Killed Maurice
 10177 | D:8      | Found a burning altar of Makhleb.
 10205 | D:8      | Reached *** piety under Cheibriados
 10910 | D:8      | Reached skill level 5 in Hexes
 10910 | D:8      | Reached skill level 5 in Summonings
 10910 | D:8      | Reached skill level 5 in Necromancy
 10910 | D:8      | Reached skill level 5 in Translocations
 10910 | D:8      | Reached skill level 5 in Transmutations
 10910 | D:8      | Reached skill level 5 in Ice Magic
 10910 | D:8      | Reached skill level 5 in Air Magic
 10910 | D:8      | Reached skill level 5 in Earth Magic
 10910 | D:8      | Reached skill level 5 in Poison Magic
 10980 | D:8      | Found a runed translucent gate.
 10981 | D:8      | Found a runed translucent gate.
 10981 | D:8      | Found a runed translucent gate.
 10981 | D:8      | Noticed a cyan ugly thing
 10981 | D:8      | Noticed a white ugly thing
 10982 | D:8      | Noticed a purple ugly thing
 10982 | D:8      | Noticed a red ugly thing
 11332 | D:9      | Reached XP level 11. HP: 81/81 MP: 22/22
 11348 | D:9      | Learned a level 4 spell: Flame Wave
 11472 | D:9      | Noticed a centaur warrior
 11594 | D:9      | Reached **** piety under Cheibriados
 11737 | D:9      | Killed a centaur warrior
 12297 | D:9      | Found a shimmering altar of Xom.
 12731 | D:10     | Entered Level 10 of the Dungeon
 12764 | D:10     | Noticed Lodul
 12792 | D:10     | Found a runed translucent gate.
 12793 | D:10     | Found a runed translucent gate.
 12793 | D:10     | Noticed IHuginn's ghost (journeyman OpBe)
 12826 | D:10     | Found a flagged portal.
 12880 | Bailey   | Entered a bailey
 12896 | Bailey   | Reached ***** piety under Cheibriados
 13363 | Bailey   | Found a burning altar of Makhleb.
 13418 | D:10     | Found a runed translucent gate.
 13536 | D:10     | Learned a level 5 spell: Irradiate
 13607 | D:10     | Killed Lodul
 14377 | D:10     | Found a sparkling altar of Nemelex Xobeh.
 14466 | D:11     | Noticed a cyclops
 14476 | D:11     | Killed a cyclops
 14495 | D:11     | Reached XP level 12. HP: 75/91 MP: 24/24
 14558 | D:11     | Found a frozen archway.
 14621 | IceCv    | Entered an ice cave
 14776 | IceCv    | Found a transporter.
 14796 | IceCv    | Found a transporter.
 15360 | D:11     | Reached ****** piety under Cheibriados
 16014 | D:11     | Found a staircase to the Orcish Mines.
 16524 | D:11     | Noticed a boulder beetle
 16535 | D:11     | Killed a boulder beetle
 16620 | D:11     | Found a staircase to the Lair.
 17401 | D:12     | Noticed a centaur warrior
 17409 | D:12     | Killed a centaur warrior
 17573 | D:12     | Identified the +8 dagger of Unuavet {vorpal, rF+ Dex+4
                  | Stlth+}
 17652 | D:12     | Reached XP level 13. HP: 60/98 MP: 22/26
 18231 | D:12     | Identified the +1 robe of Proximity {Str+3 Slay+2 Stlth-}
 18666 | Orc:1    | Entered Level 1 of the Orcish Mines
 18718 | Orc:1    | Learned a level 5 spell: Borgnjor's Vile Clutch
 18900 | Orc:1    | Noticed an orc warlord
 18962 | Lair:1   | Entered Level 1 of the Lair of Beasts
 19815 | Lair:2   | Found a dark tunnel.
 19824 | Volcano  | Entered a volcano
 19924 | Volcano  | Reached skill level 10 in Spellcasting
 20016 | Volcano  | Noticed a red draconian
 20029 | Volcano  | Killed a red draconian
 20468 | Lair:2   | Found a large runed translucent door.
 20469 | Lair:2   | Found a large runed translucent door.
 20474 | Lair:2   | Noticed Cuaqer's ghost (journeyman HOFi)
 20601 | Lair:2   | Noticed Maggie
 20607 | Lair:2   | Killed Maggie
 20705 | Lair:2   | Found a staircase to the Swamp.
 20932 | Lair:2   | Identified the +1 shortbow of Ambiguity {vorpal, Dex+2}
 21012 | Lair:2   | Reached skill level 10 in Dodging
 21420 | Lair:3   | Noticed Nessos
 21461 | Lair:3   | Killed Nessos
 21566 | Lair:3   | Reached skill level 10 in Stealth
 21989 | Lair:3   | Reached skill level 10 in Invocations
 21989 | Lair:3   | Reached XP level 14. HP: 84/108 MP: 17/28
 22736 | Lair:3   | Found a hole to the Spider Nest.
 23396 | Lair:4   | Noticed Urug
 23405 | Lair:4   | Killed Urug
 24211 | Lair:5   | Entered Level 5 of the Lair of Beasts
 24480 | Lair:5   | Found a hide-covered altar of Uskayaw.
 24976 | Lair:5   | Reached skill level 10 in Fire Magic
 25188 | Lair:5   | Reached skill level 10 in Fighting
 25188 | Lair:5   | Reached skill level 10 in Short Blades
 25188 | Lair:5   | Reached skill level 10 in Long Blades
 25188 | Lair:5   | Reached skill level 10 in Axes
 25188 | Lair:5   | Reached skill level 10 in Maces & Flails
 25188 | Lair:5   | Reached skill level 10 in Polearms
 25188 | Lair:5   | Reached skill level 10 in Staves
 25188 | Lair:5   | Reached skill level 10 in Ranged Weapons
 25188 | Lair:5   | Reached skill level 10 in Throwing
 25188 | Lair:5   | Reached skill level 10 in Armour
 25188 | Lair:5   | Reached skill level 10 in Shields
 25188 | Lair:5   | Reached skill level 10 in Unarmed Combat
 25188 | Lair:5   | Reached skill level 10 in Evocations
 25268 | Lair:5   | Reached XP level 15. HP: 115/115 MP: 30/30
 25980 | Lair:5   | Found a staircase to the Slime Pits.
 25981 | Lair:5   | Found a viscous altar of Jiyva.
 26881 | Orc:1    | Killed an orc warlord
 27267 | Orc:2    | Entered Level 2 of the Orcish Mines
 27446 | Orc:2    | Noticed an orc warlord
 27456 | Orc:2    | Killed an orc warlord
 27605 | Orc:2    | Found Dehoir's Antique Weapon Shop.
 27613 | Orc:2    | Bought an ancient mace for 248 gold pieces
 27613 | Orc:2    | Identified the +10 mace of Focus {spect, Str+5} (You bought
                  | it in a shop on level 2 of the Orcish Mines)
 27622 | Orc:2    | Found Mughok's General Store.
 27636 | Orc:2    | Bought 4 poisoned darts for 20 gold pieces
 27951 | Orc:2    | Found Gyitha's Antique Armour Boutique.
 27954 | Orc:2    | Found a staircase to the Elven Halls.
 28109 | Orc:2    | Found Tiomab's Book Shop.
 28425 | Orc:1    | Found a bloodstained altar of Trog.
 28544 | Orc:2    | Bought a book of Winter for 476 gold pieces
 28544 | Orc:2    | Bought a book of Spatial Translocations for 364 gold pieces
 28602 | D:11     | Learned a level 3 spell: Lesser Beckoning
 28606 | D:11     | Learned a level 3 spell: Ozocubu's Armour
 29234 | D:14     | Noticed Rupert
 29234 | D:14     | Found a gate to the Vaults.
 29330 | D:14     | Killed Rupert
 29331 | D:14     | Reached XP level 16. HP: 101/124 MP: 21/32
 29442 | D:14     | Found a glowing golden altar of the Shining One.
 29554 | D:14     | Noticed Louise
 29582 | D:14     | Killed Louise
 30667 | D:15     | Entered Level 15 of the Dungeon
 30864 | D:15     | Found a staircase to the Depths.
 31082 | D:15     | Identified the +9 dagger "Erriqaat" {pain, Int+3 Dex+3}
 31259 | D:15     | Noticed Kirke
 31267 | D:15     | Killed Kirke
 31695 | Spider:1 | Entered Level 1 of the Spider Nest
 32232 | Spider:2 | Reached skill level 10 in Conjurations
 32788 | Spider:2 | Learned a level 2 spell: Wereblood
 32805 | Spider:2 | Identified the +0 scale mail "Jaaheak" {Contam Fly rElec
                  | rPois}
 32886 | Spider:2 | Reached XP level 17. HP: 48/133 MP: 27/33
 33123 | Spider:2 | Reached skill level 10 in Hexes
 33123 | Spider:2 | Reached skill level 10 in Summonings
 33123 | Spider:2 | Reached skill level 10 in Necromancy
 33123 | Spider:2 | Reached skill level 10 in Translocations
 33123 | Spider:2 | Reached skill level 10 in Transmutations
 33123 | Spider:2 | Reached skill level 10 in Ice Magic
 33123 | Spider:2 | Reached skill level 10 in Air Magic
 33123 | Spider:2 | Reached skill level 10 in Earth Magic
 33123 | Spider:2 | Reached skill level 10 in Poison Magic
 33552 | Spider:2 | Gained mutation: You are partially covered in large bone
                  | plates. (SH +4) [mutagenic glow]
 34491 | Spider:4 | Entered Level 4 of the Spider Nest
 34908 | Spider:4 | Noticed Agnes
 34918 | Spider:4 | Killed Agnes
 34975 | Spider:4 | Noticed Donald
 34984 | Spider:4 | Killed Donald
 35878 | Spider:4 | Got a gossamer rune of Zot
 36035 | Spider:4 | Noticed Arachne
 36036 | Spider:4 | Reached XP level 18. HP: 139/141 MP: 23/35
 36051 | Spider:4 | Killed Arachne
 36445 | Swamp:1  | Entered Level 1 of the Swamp
 36873 | Swamp:1  | Identified the +1 leather armour of the Stars {Will+}
 38497 | Swamp:3  | Noticed Jorgrun
 38503 | Swamp:3  | Killed Jorgrun
 39151 | Swamp:4  | Entered Level 4 of the Swamp
 40237 | Swamp:4  | Got a decaying rune of Zot
 40825 | Vaults:1 | Entered Level 1 of the Vaults
 40868 | Vaults:1 | Noticed Asterion
 40876 | Vaults:1 | Killed Asterion
 40903 | Vaults:1 | Reached XP level 19. HP: 149/149 MP: 37/37
 42363 | Vaults:1 | Identified the +5 rapier of the Slashing Visionary {elec,
                  | Int+5 Dex-2}
 43049 | Vaults:2 | Found a staircase to the Crypt.
 43341 | Vaults:2 | Reached skill level 15 in Invocations
 43410 | Vaults:2 | You fall into a shaft and drop 2 floors!
 44055 | Vaults:4 | Reached XP level 20. HP: 158/158 MP: 38/38
 44146 | Vaults:4 | Noticed Zenata
 44287 | Vaults:3 | Found a gateway to a bazaar.
 44339 | Bazaar   | Entered a bazaar
 44353 | Bazaar   | Found Qoisan's Weapon Emporium.
 44369 | Bazaar   | Found Ivesel's Book Shoppe.
 44374 | Bazaar   | Bought a book of the Sky for 396 gold pieces
 44437 | Bazaar   | Bought a book of Fire for 396 gold pieces
 44671 | Vaults:3 | Paralysed by a great orb of eyes for 3 turns
 45150 | Abyss:3  | Cast into level 3 of the Abyss (a wizard)
 45440 | Abyss:4  | Noticed a bone dragon
 45453 | Abyss:4  | Killed a bone dragon
 45477 | Abyss:4  | Reached skill level 15 in Spellcasting
 45477 | Abyss:4  | Found a corrupted altar of Lugonu.
 45789 | Abyss:4  | Found a corrupted altar of Lugonu.
 45834 | Vaults:3 | Escaped the Abyss
 46069 | Vaults:3 | Paralysed by a great orb of eyes for 3 turns
 46122 | Vaults:3 | Reached skill level 15 in Dodging
 46667 | Vaults:3 | Reached skill level 15 in Stealth
 47643 | Vaults:2 | Reached XP level 21. HP: 151/166 MP: 30/40
 48697 | Depths:1 | Entered Level 1 of the Depths
 49324 | Depths:1 | Found a one-way gate to the infinite horrors of the Abyss.
 49614 | Depths:1 | Found a one-way gateway to a ziggurat.
 50044 | Depths:1 | Found a gateway to Hell.
 50072 | Depths:1 | Reached skill level 15 in Fighting
 50072 | Depths:1 | Reached skill level 15 in Short Blades
 50072 | Depths:1 | Reached skill level 15 in Long Blades
 50072 | Depths:1 | Reached skill level 15 in Axes
 50072 | Depths:1 | Reached skill level 15 in Maces & Flails
 50072 | Depths:1 | Reached skill level 15 in Polearms
 50072 | Depths:1 | Reached skill level 15 in Staves
 50072 | Depths:1 | Reached skill level 15 in Ranged Weapons
 50072 | Depths:1 | Reached skill level 15 in Throwing
 50072 | Depths:1 | Reached skill level 15 in Armour
 50072 | Depths:1 | Reached skill level 15 in Shields
 50072 | Depths:1 | Reached skill level 15 in Unarmed Combat
 50072 | Depths:1 | Reached skill level 15 in Evocations
 50437 | Depths:1 | Found Amatem's Jewellery Shoppe.
 50437 | Depths:1 | Found Tojorgh's Book Boutique.
 50439 | Depths:1 | Found Uroff's Book Boutique.
 50450 | Depths:1 | Bought the ring of Daoph {rPois rF+ Will+} for 543 gold
                  | pieces
 50555 | Depths:2 | Found a one-way gate leading to the halls of Pandemonium.
 50618 | Depths:2 | You fall into a shaft and drop 2 floors!
 50618 | Depths:4 | Entered Level 4 of the Depths
 51152 | Depths:3 | Learned a level 7 spell: Storm Form
 51467 | Depths:3 | Noticed Saint Roka
 51467 | Depths:3 | Noticed a caustic shrike
 51840 | Depths:3 | Identified the +0 robe of the Northern Lights {rN+ rCorr
                  | MP+9 Stlth-}
 51842 | Depths:3 | Noticed a pearl dragon
 51875 | Depths:3 | Killed a pearl dragon
 52071 | Depths:3 | Found a white marble altar of Elyvilon.
 52071 | Depths:3 | Found a glowing silver altar of Zin.
 52071 | Depths:3 | Found a glowing golden altar of the Shining One.
 52357 | Depths:3 | Killed Saint Roka
 52514 | Depths:3 | Killed a caustic shrike
 52515 | Depths:3 | Reached XP level 22. HP: 156/171 MP: 36/42
 52597 | Depths:3 | Noticed a caustic shrike
 52606 | Depths:3 | Killed a caustic shrike
 52941 | Depths:3 | Noticed a caustic shrike
 52945 | Depths:3 | Killed a caustic shrike
 54748 | Depths:2 | Noticed a golden dragon
 54755 | Depths:2 | Killed a golden dragon
 55077 | Depths:2 | Found Tunoam's Magic Scroll Shoppe.
 55080 | Depths:2 | Bought 2 scrolls of blinking for 240 gold pieces
 55080 | Depths:2 | Identified a scroll of acquirement
 55080 | Depths:2 | Acquired the +8 shadow dragon scales of the Four Heavens
                  | {-Tele rF+++ Regen+ SInv Stlth++++}
 55604 | Depths:4 | Noticed a caustic shrike
 55609 | Depths:4 | Noticed a caustic shrike
 55610 | Depths:4 | Noticed a caustic shrike
 55611 | Depths:4 | Killed a caustic shrike
 55615 | Depths:4 | Killed a caustic shrike
 55618 | Depths:4 | Killed a caustic shrike
 55899 | Depths:4 | Reached XP level 23. HP: 140/183 MP: 37/43
 56079 | Depths:4 | Noticed a golden dragon
 56096 | Depths:4 | Killed a golden dragon
 56190 | Depths:4 | Noticed a golden dragon
 56198 | Depths:4 | Killed a golden dragon
 56304 | Depths:4 | Found a gate to the Realm of Zot.
 57364 | Elf:1    | Entered Level 1 of the Elven Halls
 57428 | Elf:1    | Found a crumbling gateway.
 57449 | Desolati | Entered the Desolation of Salt
 57917 | Desolati | Identified the +1 rapier of Honour {freeze, rCorr Int+6}
 57925 | Desolati | Got Ygeunimm's Discourse on Arcane Weapons
 57926 | Desolati | Identified the amulet of Afeodd {-Cast rPois Regen+ Str+3}
 57991 | Desolati | Found the ring of the Octopus King
 57993 | Desolati | Found the +2 cloak of the Thief {*Fog Slay-2 SInv Stlth+}
 58010 | Desolati | Got Sif Muna's Catalogue of Geological Battling
 58011 | Desolati | Found the +14 obsidian axe {vorpal, Mesm Drain Fly SInv}
 58013 | Desolati | Identified a ring of the Octopus King {rC+ HP+2 AC+2 EV+2
                  | SH+2}
 58251 | Desolati | Identified the +1 cloak "Xeucen" {Will+ Regen+ Str+2
                  | Stlth+}
 58252 | Desolati | Identified the ring "Daegicw" {Will+ Int+4}
 58801 | Elf:1    | Reached skill level 15 in Fire Magic
 58802 | Elf:1    | Found Wuteoff's Weapon Boutique.
 59704 | Elf:2    | Found a magical portal.
 59716 | WizLab   | Entered Cigotuvi's Fleshworks
 59804 | WizLab   | Gained mutation: You are clumsy. (Dex -2) [mutagenic glow]
 60024 | WizLab   | Identified the ring of Gin and Tonic {rC- Will+ rCorr
                  | Dex+6}
 60111 | WizLab   | Reached XP level 24. HP: 136/193 MP: 44/44
 60422 | WizLab   | Got Cigotuvi's Folio of Grim Shapeshifting
 60681 | Elf:2    | Paralysed by an air elemental for 1 turns
 60846 | Elf:2    | Found a shimmering blue altar of Sif Muna.
 61016 | Elf:2    | Found a runed translucent gate.
 61016 | Elf:2    | Found a runed translucent gate.
 61016 | Elf:2    | Found a runed translucent gate.
 61404 | Elf:3    | Entered Level 3 of the Elven Halls
 61623 | Elf:3    | Noticed Mara
 61657 | Elf:3    | Killed Mara
 61836 | Elf:3    | Identified Roxanne's Opusculum on Changing
 61836 | Elf:3    | Noticed Roxanne
 61840 | Elf:3    | Killed Roxanne
 62119 | Elf:3    | Reached skill level 15 in Earth Magic
 62366 | Elf:3    | Identified the +10 mace "Nepuh" {vorpal, rPois}
 62410 | Elf:3    | Got The Last Spellbook of the Blind Seer
 63174 | Vaults:4 | Killed Zenata
 63913 | Vaults:4 | Learned a level 5 spell: Yara's Violent Unravelling
 63916 | Vaults:5 | Entered Level 5 of the Vaults
 63922 | Vaults:5 | Reached XP level 25. HP: 188/201 MP: 41/44
 63933 | Vaults:5 | Gained mutation: You are weak. (Str -2) [a cacodemon]
 63946 | Vaults:5 | Noticed an ancient lich
 63951 | Vaults:5 | Reached skill level 15 in Conjurations
 63951 | Vaults:5 | Killed an ancient lich
 63958 | Vaults:5 | Noticed a dread lich
 64092 | Vaults:5 | Killed a dread lich
 64218 | Vaults:5 | Reached skill level 15 in Hexes
 64218 | Vaults:5 | Reached skill level 15 in Summonings
 64218 | Vaults:5 | Reached skill level 15 in Necromancy
 64218 | Vaults:5 | Reached skill level 15 in Translocations
 64218 | Vaults:5 | Reached skill level 15 in Transmutations
 64218 | Vaults:5 | Reached skill level 15 in Ice Magic
 64218 | Vaults:5 | Reached skill level 15 in Air Magic
 64218 | Vaults:5 | Reached skill level 15 in Poison Magic
 64219 | Vaults:5 | Identified the +1 chain mail of Parlour Games {Drain rCorr
                  | Int-5 Stlth+}
 64908 | Vaults:5 | Noticed a dread lich
 64912 | Vaults:5 | Killed a dread lich
 65063 | Vaults:5 | Found Jikil's Antique Armour Shop.
 65376 | Vaults:5 | Got the Cyclopedia of the Discontinuous Iceberg
 65493 | Vaults:5 | Identified the +3 whip "Arbiter" {flame, Will+ Str+5 Dex-4}
 65521 | Vaults:5 | Got Wiafraig's Codex of Inconstant Hurting
 65587 | Vaults:5 | Identified the +2 pair of gloves of Civuskiq {rC- rN+ rCorr
                  | Str+3}
 65670 | Vaults:5 | Found Muasmues's Weapon Boutique.
 65671 | Vaults:5 | Found Xepnieh's Antique Armour Emporium.
 65784 | Vaults:5 | Got a silver rune of Zot
 66168 | Crypt:1  | Entered Level 1 of the Crypt
 66178 | Crypt:1  | Reached XP level 26. HP: 199/211 MP: 43/45
 67086 | Crypt:1  | Learned a level 8 spell: Necromutation
 67675 | Crypt:2  | Found a runed translucent gate.
 67677 | Crypt:2  | Found a runed translucent gate.
 67677 | Crypt:2  | Noticed Bunoc's ghost (veteran FoFi)
 67677 | Crypt:2  | Noticed a dread lich
 67678 | Crypt:2  | Found a runed translucent gate.
 67678 | Crypt:2  | Found an ancient bone altar of Kikubaaqudgha.
 68339 | Crypt:2  | Killed a dread lich
 68345 | Crypt:2  | Killed Bunoc's ghost
 68352 | Crypt:2  | Identified the ring "Hinliy" {rElec rC+ rN+ Int-5}
 68373 | Crypt:2  | Identified the +0 cloak of Leucasapp {Int+3 SInv}
 68848 | D:5      | Killed pirx's ghost
 68974 | D:8      | Found a runed translucent gate.
 68974 | D:8      | Found a runed translucent gate.
 68983 | D:8      | Found a runed translucent gate.
 68988 | D:8      | Noticed diceflayer's ghost (novice DsHu)
 68996 | D:8      | Gained mutation: Your body sometimes deteriorates upon
                  | taking damage. [a neqoxec]
 69001 | D:8      | Killed diceflayer's ghost
 69082 | D:10     | Killed IHuginn's ghost
 69285 | Zot:1    | Entered Level 1 of the Realm of Zot
 69550 | Zot:1    | Noticed an orb of fire
 69639 | Zot:1    | Killed an orb of fire
 69653 | Zot:1    | HP: 2/213 [black draconian/bolt of lightning (26)]
 69841 | Zot:1    | You are sucked into a shaft and drop 1 floor!
 69900 | Zot:2    | Got Jaaqiga's Teachings on Burning Spellbinding
 71391 | Zot:3    | Reached XP level 27. HP: 169/219 MP: 46/46
 72038 | Zot:4    | Noticed Vv
 72051 | Zot:4    | Killed Vv
 72572 | Zot:4    | Found a radiant altar of Vehumet.
 72573 | Zot:4    | Noticed a dread lich
 72574 | Zot:4    | Found a transporter.
 72825 | Zot:4    | Identified the ring "Xiyb" {rPois Will+ MP+9 Dex+6 Slay-5}
 72864 | Zot:4    | Noticed an orb of fire
 73196 | Zot:4    | Noticed an orb of fire
 73257 | Zot:5    | Entered Level 5 of the Realm of Zot
 74019 | Zot:5    | Noticed a dread lich
 74038 | Zot:5    | Killed a dread lich
 74080 | Zot:5    | Noticed a dread lich
 74143 | Zot:5    | Noticed an orb of fire
 74144 | Zot:5    | Noticed an orb of fire
 74161 | Zot:5    | Killed an orb of fire
 74168 | Zot:5    | Killed an orb of fire
 74365 | Zot:5    | Noticed a dread lich
 74367 | Zot:5    | Noticed an orb of fire
 74376 | Zot:5    | Killed a dread lich
 74393 | Zot:5    | Killed an orb of fire
 74416 | Zot:5    | Gained mutation: Armour fits poorly on your strangely
                  | shaped body. [mutagenic glow]
 74437 | Zot:5    | Gained mutation: You do not regenerate when monsters are
                  | visible. [mutagenic glow]
 74487 | Zot:5    | Lost mutation: You are partially covered in large bone
                  | plates. (SH +4) [potion of mutation]
 74487 | Zot:5    | Lost mutation: Armour fits poorly on your strangely shaped
                  | body. [potion of mutation]
 74487 | Zot:5    | Gained mutation: You have a pair of small antennae on your
                  | head. [potion of mutation]
 74488 | Zot:5    | Lost mutation: You are clumsy. (Dex -2) [potion of
                  | mutation]
 74488 | Zot:5    | Lost mutation: Your body sometimes deteriorates upon taking
                  | damage. [potion of mutation]
 74488 | Zot:5    | Lost mutation: You have a pair of small antennae on your
                  | head. [potion of mutation]
 74488 | Zot:5    | Gained mutation: You are partially covered in large bone
                  | plates. (SH +4) [potion of mutation]
 74489 | Zot:5    | Lost mutation: You do not regenerate when monsters are
                  | visible. [potion of mutation]
 74489 | Zot:5    | Lost mutation: You are partially covered in large bone
                  | plates. (SH +4) [potion of mutation]
 74489 | Zot:5    | Gained mutation: You are dopey. (Int -2) [potion of
                  | mutation]
 74489 | Zot:5    | Gained mutation: You are partially covered in iridescent
                  | scales. (AC +2) [potion of mutation]
 74490 | Zot:5    | Lost mutation: You are weak. (Str -2) [potion of mutation]
 74490 | Zot:5    | Lost mutation: You are dopey. (Int -2) [potion of mutation]
 74490 | Zot:5    | Gained mutation: You are clumsy. (Dex -2) [potion of
                  | mutation]
 74882 | Depths:3 | Voluntarily entered the Abyss.
 75003 | Abyss:4  | Gained mutation: You occasionally lose the ability to drink
                  | potions when taking damage. [a neqoxec]
 75044 | Abyss:4  | Got an abyssal rune of Zot
 75187 | Depths:3 | Escaped the Abyss
 75374 | Slime:1  | Entered Level 1 of the Pits of Slime
 77214 | Slime:5  | Entered Level 5 of the Pits of Slime
 78123 | Slime:5  | Noticed the Royal Jelly
 78145 | Slime:5  | Killed the Royal Jelly
 78359 | Slime:5  | Identified the +0 leather armour "Purch" {rF+ Int+3}
 78403 | Slime:5  | Identified the ring "Reluacecs" {rF+ Will+}
 78405 | Slime:5  | Got a slimy rune of Zot
 78471 | Slime:5  | Identified the +7 falchion of Slow Death {vorpal, rPois
                  | Dex+3}
 78675 | Slime:5  | Learned a level 8 spell: Ignition
 79015 | Crypt:3  | Entered Level 3 of the Crypt
 79862 | Crypt:3  | Found a staircase to the Tomb.
 80406 | Crypt:3  | Identified the ring "Fybusox" {rF+ rC++ rCorr Str+4 Int+3}
 80876 | Crypt:3  | Identified the amulet of Gienwoc {rPois Regen+}
 80876 | Crypt:3  | Identified the ring "Ajaik" {rF+ rN+ Str+2}
 81099 | Crypt:3  | Identified the ring "Cinag" {MP+9 Dex+6}
 81105 | Crypt:3  | Identified the +4 longbow of Eternal Vigilance {freeze,
                  | Int+3 SInv}
 81187 | Tomb:1   | Entered Level 1 of the Tomb of the Ancients
 81627 | Tomb:1   | Noticed a royal mummy
 81631 | Tomb:1   | Noticed a royal mummy
 81646 | Tomb:1   | Killed a royal mummy
 81652 | Tomb:1   | Killed a royal mummy
 81685 | Tomb:1   | HP: 6/221 [mummy priest/divine providence (13)]
 81725 | Tomb:1   | Lost mutation: You occasionally lose the ability to drink
                  | potions when taking damage. [potion of mutation]
 81725 | Tomb:1   | Lost mutation: You are clumsy. (Dex -2) [potion of
                  | mutation]
 81725 | Tomb:1   | Lost mutation: You are partially covered in iridescent
                  | scales. (AC +2) [potion of mutation]
 81725 | Tomb:1   | Gained mutation: Your flesh is heat resistant. (rF+)
                  | [potion of mutation]
 81725 | Tomb:1   | Gained mutation: You have a pair of small antennae on your
                  | head. [potion of mutation]
 81739 | Tomb:1   | Lost mutation: You have a pair of small antennae on your
                  | head. [potion of mutation]
 81739 | Tomb:1   | Lost mutation: Your flesh is heat resistant. (rF+) [potion
                  | of mutation]
 81739 | Tomb:1   | Gained mutation: Your spells are a little easier to cast,
                  | but a little less powerful. [potion of mutation]
 81740 | Tomb:1   | Lost mutation: Your spells are a little easier to cast, but
                  | a little less powerful. [potion of mutation]
 81740 | Tomb:1   | Gained mutation: You are partially covered in iridescent
                  | scales. (AC +2) [potion of mutation]
 81740 | Tomb:1   | Gained mutation: You are mostly covered in iridescent
                  | scales. (AC +4) [potion of mutation]
 82176 | Tomb:1   | Learned a level 9 spell: Shatter
 82185 | Tomb:1   | Noticed a royal mummy
 82185 | Tomb:1   | Noticed a royal mummy
 82186 | Tomb:1   | Noticed a royal mummy
 82193 | Tomb:1   | Killed a royal mummy
 82198 | Tomb:1   | Killed a royal mummy
 82205 | Tomb:1   | Noticed a royal mummy
 82211 | Tomb:1   | Killed a royal mummy
 82226 | Tomb:1   | Killed a royal mummy
 82274 | Tomb:1   | Noticed a royal mummy
 82281 | Tomb:1   | Noticed a royal mummy
 82289 | Tomb:1   | Killed a royal mummy
 82320 | Tomb:1   | Killed a royal mummy
 82372 | Tomb:1   | Noticed a royal mummy
 82375 | Tomb:1   | Noticed a royal mummy
 82385 | Tomb:1   | Noticed a royal mummy
 82390 | Tomb:1   | Noticed a royal mummy
 82395 | Tomb:1   | Killed a royal mummy
 82409 | Tomb:1   | Killed a royal mummy
 82419 | Tomb:1   | Killed a royal mummy
 82420 | Tomb:1   | Killed a royal mummy
 82476 | Tomb:1   | Noticed a royal mummy
 82491 | Tomb:1   | Killed a royal mummy
 82495 | Tomb:1   | Noticed a royal mummy
 82508 | Tomb:1   | Killed a royal mummy
 82530 | Tomb:1   | Noticed a royal mummy
 82547 | Tomb:1   | Killed a royal mummy
 82568 | Tomb:1   | Noticed a royal mummy
 82585 | Tomb:1   | Killed a royal mummy
 82586 | Tomb:1   | Noticed a royal mummy
 82598 | Tomb:1   | Killed a royal mummy
 82635 | Tomb:1   | Noticed a royal mummy
 82657 | Tomb:1   | Killed a royal mummy
 82736 | Tomb:1   | Noticed a royal mummy
 82750 | Tomb:1   | Killed a royal mummy
 82760 | Tomb:1   | Noticed a royal mummy
 82779 | Tomb:1   | Killed a royal mummy
 82782 | Tomb:1   | Noticed a royal mummy
 82793 | Tomb:1   | Killed a royal mummy
 82798 | Tomb:1   | Noticed a royal mummy
 82823 | Tomb:1   | Killed a royal mummy
 82877 | Tomb:1   | Noticed a royal mummy
 82893 | Tomb:1   | Killed a royal mummy
 83548 | Tomb:3   | Entered Level 3 of the Tomb of the Ancients
 83549 | Tomb:3   | Noticed a royal mummy
 83553 | Tomb:3   | Killed a royal mummy
 83556 | Tomb:3   | Found the +2 Maxwell's thermic engine {flame, freeze}
 83564 | Tomb:3   | Noticed a royal mummy
 83578 | Tomb:3   | Killed a royal mummy
 83595 | Tomb:3   | Noticed a royal mummy
 83595 | Tomb:3   | Noticed a royal mummy
 83596 | Tomb:3   | HP: 10/220 [??? (8)]
 83711 | Tomb:3   | Killed a royal mummy
 83866 | Tomb:3   | Noticed a royal mummy
 83879 | Tomb:3   | Killed a royal mummy
 84112 | Tomb:3   | Got the Tome of Called Sinister Rituals
 84140 | Tomb:3   | Identified the +0 plate armour of Qotucage {Fly}
 84143 | Tomb:3   | Identified the ring "Wesua" {rElec rF+ Will+ rCorr Str-4}
 84147 | Tomb:3   | Identified the ring of Meutegh {Fire Int+2}
 84155 | Tomb:3   | Identified the +9 shortbow "Sakliwk" {flame, rF+ rN+ Dex+4}
 84183 | Tomb:3   | Identified the +0 ring mail of Faeselax {Drain rElec Will++
                  | Int+2}
 84205 | Tomb:3   | Identified the +4 trident "ETAOIN SHRDLU" {vorpal, Str-5
                  | Int+2 Dex+4}
 84423 | Tomb:3   | Killed a royal mummy
 84463 | Tomb:3   | Noticed a royal mummy
 84466 | Tomb:3   | Noticed a royal mummy
 84470 | Tomb:3   | Noticed a royal mummy
 84479 | Tomb:3   | Killed a royal mummy
 84481 | Tomb:3   | Noticed a royal mummy
 84486 | Tomb:3   | Killed a royal mummy
 84497 | Tomb:3   | Killed a royal mummy
 84502 | Tomb:3   | Killed a royal mummy
 84623 | Tomb:3   | Got a golden rune of Zot
 85103 | Hell     | Entered the Vestibule of Hell
 85103 | Hell     | Noticed Geryon
 85127 | Hell     | Killed Geryon
 85348 | Hell     | Found a gateway to the freezing wastes of Cocytus.
 85564 | Hell     | Found a gateway to the decaying netherworld of Tartarus.
 85814 | Hell     | Found a gateway to the Iron City of Dis.
 85899 | Hell     | Found a gateway to the ashen valley of Gehenna.
 86056 | Dis:1    | Entered Level 1 of the Iron City of Dis
 86649 | Dis:3    | Noticed an ancient lich
 86670 | Dis:3    | Killed an ancient lich
 87561 | Dis:4    | Noticed an ancient lich
 87572 | Dis:4    | Killed an ancient lich
 87618 | Dis:4    | Found a burning altar of Makhleb.
 88746 | Dis:7    | Entered Level 7 of the Iron City of Dis
 89360 | Dis:7    | Noticed a juggernaut
 89686 | Dis:7    | Found the +5 glaive of the Guard {elec, spectral, AC+5}
 89695 | Dis:7    | Identified the +4 plate armour "Ciozevewn" {Will+}
 89705 | Dis:7    | Identified the ring "Qylom" {rElec rPois rN+ Will+}
 89784 | Dis:7    | Learned a level 8 spell: Maxwell's Capacitive Coupling
 89949 | Dis:7    | Killed a juggernaut
 91212 | Dis:7    | Noticed the Serpent of Hell
 91217 | Dis:7    | Killed the Serpent of Hell
 91262 | Dis:7    | Noticed a juggernaut
 91266 | Dis:7    | Killed a juggernaut
 91274 | Dis:7    | Found the +4 staff of Dispater
 91274 | Dis:7    | Noticed Dispater
 91283 | Dis:7    | Killed Dispater
 91399 | Dis:7    | Got an iron rune of Zot
 91402 | Dis:7    | Got the Volume of Icy Air
 91811 | Orc:2    | Bought the +10 rapier of Melee {vorpal, Will+ Int+3 Dex+4}
                  | for 1082 gold pieces
 92402 | Vaults:5 | Bought the +9 scales of the Dragon King {rPois rF+ rC+
                  | Will+} for 4992 gold pieces
 92402 | Vaults:5 | Found the +9 scales of the Dragon King {rPois rF+ rC+
                  | Will+}
 92414 | Vaults:5 | Lost mutation: You are mostly covered in iridescent scales.
                  | (AC +4) [potion of mutation]
 92414 | Vaults:5 | Lost mutation: You are partially covered in iridescent
                  | scales. (AC +2) [potion of mutation]
 92414 | Vaults:5 | Gained mutation: Your movements are slightly less
                  | encumbered by armour. (ER -2) [potion of mutation]
 92414 | Vaults:5 | Gained mutation: You are resistant to electric shocks.
                  | (rElec) [potion of mutation]
 92734 | Tar:1    | Entered Level 1 of Tartarus
 92980 | Tar:2    | Learned a level 4 spell: Dispel Undead
 92984 | Tar:2    | Noticed an ancient lich
 92995 | Tar:2    | Killed an ancient lich
 93039 | Tar:2    | Noticed an ancient lich
 93041 | Tar:2    | Killed an ancient lich
 93066 | Tar:2    | Noticed an ancient lich
 93068 | Tar:2    | Killed an ancient lich
 93764 | Tar:4    | Noticed an ancient lich
 93775 | Tar:4    | Killed an ancient lich
 94333 | Tar:7    | Entered Level 7 of Tartarus
 94743 | Tar:7    | Reached skill level 27 in Maces & Flails
 94758 | Tar:7    | Identified the +1 ring mail "Laeqial" {+Blink rC- Stlth+}
 94790 | Tar:7    | Noticed an ancient lich
 94793 | Tar:7    | Noticed an ancient lich
 94811 | Tar:7    | Killed an ancient lich
 94824 | Tar:7    | Killed an ancient lich
 94832 | Tar:7    | Identified the ring of Beute {Ice rN+ Will+ Dex-2 Stlth+}
 95194 | Tar:7    | Noticed an ancient lich
 95268 | Tar:7    | Killed an ancient lich
 95463 | Tar:7    | Identified the +1 leather armour of the Mantidfly {rElec
                  | Dex+5}
 95467 | Tar:7    | Identified the +0 robe "Gemyts" {rF+ Slay+6}
 96297 | Tar:7    | Noticed Ereshkigal
 96360 | Tar:7    | Paralysed by Ereshkigal for 2 turns
 96476 | Tar:7    | Killed Ereshkigal
 96613 | Tar:7    | Got a bone rune of Zot
 96784 | Tar:7    | Noticed an ancient lich
 96794 | Tar:7    | Killed an ancient lich
 96864 | Geh:1    | Entered Level 1 of Gehenna
 97283 | Geh:4    | Noticed a dread lich
 97315 | Geh:4    | Killed a dread lich
 97812 | Geh:7    | Entered Level 7 of Gehenna
 98033 | Geh:7    | Identified the +2 glaive "Puhiodel" {antimagic, Str+2}
 98423 | Geh:7    | Found the +7 sceptre of Asmodeus
 98423 | Geh:7    | Identified the quicksilver dragon scales "Huhil" {Rampage
                  | Will+}
 98423 | Geh:7    | Identified the ring of the Tempest {rPois Dex+6}
 98423 | Geh:7    | Noticed Asmodeus
 98429 | Geh:7    | Killed Asmodeus
 98567 | Geh:7    | Got an obsidian rune of Zot
 98884 | Geh:7    | Identified the +6 war axe "Ecemoph" {vorpal, rF+ rN+}
 99073 | Coc:1    | Entered Level 1 of Cocytus
 99097 | Coc:1    | Reached skill level 27 in Stealth
 99780 | Coc:3    | Noticed an ancient lich
 99790 | Coc:3    | Killed an ancient lich
100200 | Coc:4    | Paralysed by a wendigo for 1 turns
100215 | Coc:4    | Paralysed by a wendigo for 1 turns
100642 | Coc:6    | Paralysed by a wendigo for 1 turns
100861 | Coc:7    | Entered Level 7 of Cocytus
100892 | Coc:7    | Paralysed by a wendigo for 1 turns
101071 | Coc:7    | Paralysed by a wendigo for 1 turns
101520 | Coc:7    | Paralysed by a wendigo for 1 turns
101803 | Coc:7    | Paralysed by a wendigo for 1 turns
101996 | Coc:7    | Paralysed by a wendigo for 1 turns
102175 | Coc:7    | Identified the +3 battleaxe "Napuk" {elec, rF+ Str+3 Dex+2}
102175 | Coc:7    | Noticed Antaeus
102179 | Coc:7    | Killed Antaeus
102210 | Coc:7    | Found the +3 pair of mountain boots {steadfast, rC+}
102237 | Coc:7    | Got an icy rune of Zot
102462 | Coc:7    | Paralysed by a wendigo for 1 turns
103180 | Depths:1 | Learned a level 9 spell: Dragon's Call
103228 | Zig:1    | Entered Level 1 of a ziggurat
103252 | Zig:2    | Entered Level 2 of a ziggurat
103282 | Zig:3    | Entered Level 3 of a ziggurat
103314 | Zig:3    | Identified the +3 halberd of the Revolution {drain, rPois
                  | SInv Stlth+}
103320 | Zig:4    | Entered Level 4 of a ziggurat
103357 | Zig:5    | Entered Level 5 of a ziggurat
103381 | Zig:5    | Identified the +5 scale mail "Hyisogiss" {Will+}
103384 | Zig:6    | Entered Level 6 of a ziggurat
103390 | Zig:6    | Found the amulet of Vitality {RegenMP++ Regen++}
103457 | Zig:7    | Entered Level 7 of a ziggurat
103504 | Zig:7    | Identified the ring "Iwigaemu" {Fire rPois rCorr Str+4}
103514 | Zig:8    | Entered Level 8 of a ziggurat
103552 | Zig:8    | Identified the ring of Uceehiku {*Slow rC+ Will+++ MP+9
                  | Int+9}
103556 | Zig:8    | Identified the +2 plate armour "Votosedd" {rCorr Int+4}
103614 | Zig:9    | Entered Level 9 of a ziggurat
103658 | Zig:9    | Identified the +7 flail "Nugimm" {vorpal, rPois rC- Dex+9
                  | SInv}
103690 | Zig:10   | Entered Level 10 of a ziggurat
103773 | Zig:11   | Entered Level 11 of a ziggurat
103786 | Zig:11   | Found the +8 demon trident "Rift" {distort, reach+}
103836 | Zig:11   | Identified the +8 battleaxe of Powerful Tenacity {vamp,
                  | rElec Int+5 Dex-3}
103881 | Zig:12   | Entered Level 12 of a ziggurat
103894 | Zig:12   | Noticed a dread lich
103914 | Zig:12   | Killed a dread lich
103950 | Zig:12   | Found the +8 autumn katana {vorpal, manifold assault}
103956 | Zig:12   | Identified the ring of the Past {rPois rCorr Dex-5 Slay+4
                  | Stlth+}
103967 | Zig:12   | Identified the +2 trident "Vasooh" {vorpal, Int+3}
103968 | Zig:12   | Identified the ring "Asempofu" {rC++ Dex+6 SInv}
103972 | Zig:12   | Identified the ring "Ciho" {rElec rPois Int+6 SInv Stlth-}
103983 | Zig:12   | Identified the +7 morningstar "Yropla Namu" {speed, Fragile
                  | rC+ Will++ rCorr}
104007 | Zig:13   | Entered Level 13 of a ziggurat
104011 | Zig:13   | Noticed a royal mummy
104012 | Zig:13   | Noticed a royal mummy
104015 | Zig:13   | Noticed a royal mummy
104020 | Zig:13   | Killed a royal mummy
104020 | Zig:13   | Killed a royal mummy
104020 | Zig:13   | Killed a royal mummy
104097 | Zig:13   | Identified the +6 lajatang "Odduej Mukhli" {vamp, +Blink
                  | rPois Int+3}
104136 | Zig:14   | Entered Level 14 of a ziggurat
104159 | Zig:14   | Reached skill level 27 in Invocations
104165 | Zig:14   | Reached skill level 27 in Axes
104205 | Zig:14   | Identified the +6 morningstar "Votocseg" {pain, *Slow rF+
                  | Str+4 SInv}
104260 | Zig:15   | Entered Level 15 of a ziggurat
104276 | Zig:15   | Noticed Ryabeg the pandemonium lord
104276 | Zig:15   | Noticed Fyrreqonn the pandemonium lord
104277 | Zig:15   | Noticed Miokhuo the pandemonium lord
104277 | Zig:15   | Noticed Gagizoqu the pandemonium lord
104287 | Zig:15   | Killed Ryabeg the pandemonium lord
104300 | Zig:15   | Killed Gagizoqu the pandemonium lord
104300 | Zig:15   | Killed Miokhuo the pandemonium lord
104306 | Zig:15   | Killed Fyrreqonn the pandemonium lord
104338 | Zig:15   | Found the ring of the Octopus King
104339 | Zig:15   | Found the +1 robe of Vines {NoPotionHeal Regen++++}
104352 | Zig:15   | Identified a ring of the Octopus King {rF+ HP+2 AC+2 EV+2
                  | SH+2}
104353 | Zig:15   | Identified the ring "Xinkig" {rF++ Str+4 Int+6 Stlth-}
104375 | Zig:16   | Entered Level 16 of a ziggurat
104398 | Zig:16   | Noticed Janeylunn's ghost (veteran GnWn)
104398 | Zig:16   | Noticed protoss039's ghost (legendary DsEE)
104412 | Zig:16   | Noticed Wammos's ghost (legendary TeCj)
104455 | Zig:16   | Killed protoss039's ghost
104455 | Zig:16   | Killed Janeylunn's ghost
104542 | Zig:16   | Killed Wammos's ghost
104571 | Zig:16   | Identified the +10 falchion "Fuepel" {venom, Contam Int+10
                  | SInv}
104572 | Zig:16   | Identified the +2 chain mail "Buji" {-Cast rN+ Str+4}
104573 | Zig:16   | Identified the +8 trident "Elyush" {vorpal, rN++ Str+4}
104623 | Zig:17   | Entered Level 17 of a ziggurat
104631 | Zig:17   | Noticed a dread lich
104638 | Zig:17   | Killed a dread lich
104647 | Zig:17   | Noticed a dread lich
104668 | Zig:17   | Killed a dread lich
104783 | Zig:17   | Identified the +3 leather armour "Qayrot" {*Corrode Dex+4}
104798 | Zig:17   | Identified the +1 ring mail of the Gate {Int+4}
104866 | Zig:18   | Entered Level 18 of a ziggurat
104891 | Zig:18   | Noticed a royal mummy
104901 | Zig:18   | Noticed a royal mummy
104904 | Zig:18   | Killed a royal mummy
104923 | Zig:18   | Killed a royal mummy
104927 | Zig:18   | Noticed a royal mummy
104929 | Zig:18   | Killed a royal mummy
105009 | Zig:18   | Noticed a royal mummy
105014 | Zig:18   | Killed a royal mummy
105065 | Zig:18   | Identified the +1 ring mail of Lucidity {Harm Rampage}
105081 | Zig:18   | Identified the amulet of Batyic {Faith Harm}
105139 | Zig:19   | Entered Level 19 of a ziggurat
105201 | Zig:19   | Noticed a dread lich
105209 | Zig:19   | Killed a dread lich
105277 | Zig:19   | Found the ring of the Hare {EV+8}
105289 | Zig:19   | Got the Verses on the Mortuary Figure
105300 | Zig:19   | Reached skill level 27 in Shields
105338 | Zig:20   | Entered Level 20 of a ziggurat
105589 | Zig:20   | Found the +12 glaive of Prune {vorpal}
105605 | Zig:20   | Identified the +3 leather armour "Guicutid" {Drain rPois
                  | Str+3 Int+3}
105682 | Zig:21   | Entered Level 21 of a ziggurat
105698 | Zig:21   | Noticed Tuiph the pandemonium lord
105707 | Zig:21   | Killed Tuiph the pandemonium lord
105726 | Zig:21   | Noticed Saoc the pandemonium lord
105731 | Zig:21   | Noticed Gesias the pandemonium lord
105732 | Zig:21   | Noticed Ymiogh the pandemonium lord
105733 | Zig:21   | Noticed Buacsasa the pandemonium lord
105737 | Zig:21   | Killed Saoc the pandemonium lord
105748 | Zig:21   | Killed Buacsasa the pandemonium lord
105750 | Zig:21   | Noticed Vawour the pandemonium lord
105755 | Zig:21   | Killed Ymiogh the pandemonium lord
105756 | Zig:21   | Noticed Jatzu the pandemonium lord
105773 | Zig:21   | Killed Vawour the pandemonium lord
105775 | Zig:21   | Noticed Bowun the pandemonium lord
105777 | Zig:21   | Killed Gesias the pandemonium lord
105783 | Zig:21   | Killed Jatzu the pandemonium lord
105790 | Zig:21   | Killed Bowun the pandemonium lord
105799 | Zig:21   | Noticed Igyseim the pandemonium lord
105812 | Zig:21   | Killed Igyseim the pandemonium lord
105843 | Zig:21   | Noticed Vuwio the pandemonium lord
105850 | Zig:21   | Killed Vuwio the pandemonium lord
106131 | Zig:21   | Got the Opusculum on Glamour and the Salvo
106200 | Zig:22   | Entered Level 22 of a ziggurat
106611 | Zig:22   | Identified the ring of Qazlal's Reproof {rC+ Str+6}
106612 | Zig:22   | Identified the +4 kite shield of the Fletcher {rC++ rN+
                  | Str-4 Dex+4}
106617 | Zig:22   | Identified the +5 long sword "Jieng" {speed, rC- rN+ Dex+2}
106621 | Zig:22   | Reached skill level 27 in Spellcasting
106627 | Zig:22   | Identified the +3 scale mail of Miutaref {rN++}
106628 | Zig:22   | Identified the +2 hand axe of the Bear {drain, *Corrode
                  | Will+ Dex+2}
106647 | Zig:23   | Entered Level 23 of a ziggurat
106709 | Zig:23   | Reached skill level 27 in Dodging
106717 | Zig:23   | Paralysed by a wendigo for 1 turns
106934 | Zig:23   | Found the ring of the Tortoise {AC+8}
106958 | Zig:23   | Identified the +3 ring mail of Abstinence {Dex+8}
106962 | Zig:23   | Identified the +7 triple sword of the Evil Eye {holy, rC+
                  | Str+5 Int-2 SInv}
107098 | Zig:24   | Entered Level 24 of a ziggurat
107151 | Zig:24   | Noticed a juggernaut
107160 | Zig:24   | Killed a juggernaut
107173 | Zig:24   | Noticed a juggernaut
107177 | Zig:24   | Noticed a juggernaut
107180 | Zig:24   | Noticed a juggernaut
107190 | Zig:24   | Killed a juggernaut
107194 | Zig:24   | Killed a juggernaut
107200 | Zig:24   | Reached skill level 27 in Fighting
107200 | Zig:24   | Reached skill level 27 in Short Blades
107200 | Zig:24   | Reached skill level 27 in Long Blades
107200 | Zig:24   | Reached skill level 27 in Polearms
107200 | Zig:24   | Reached skill level 27 in Staves
107200 | Zig:24   | Reached skill level 27 in Ranged Weapons
107200 | Zig:24   | Reached skill level 27 in Throwing
107200 | Zig:24   | Reached skill level 27 in Armour
107200 | Zig:24   | Reached skill level 27 in Unarmed Combat
107200 | Zig:24   | Reached skill level 27 in Evocations
107201 | Zig:24   | Noticed a juggernaut
107202 | Zig:24   | Killed a juggernaut
107216 | Zig:24   | Killed a juggernaut
107243 | Zig:24   | Noticed a juggernaut
107244 | Zig:24   | Paralysed by a floating eye for 2 turns
107247 | Zig:24   | Noticed a juggernaut
107248 | Zig:24   | Paralysed by a floating eye for 4 turns
107253 | Zig:24   | Paralysed by a floating eye for 3 turns
107263 | Zig:24   | Killed a juggernaut
107273 | Zig:24   | Killed a juggernaut
107304 | Zig:24   | Paralysed by a floating eye for 2 turns
107309 | Zig:24   | Paralysed by a floating eye for 3 turns
107312 | Zig:24   | Paralysed by a floating eye for 4 turns
107383 | Zig:24   | Found the +6 arbalest "Damnation" {damnation}
107424 | Zig:24   | Identified the +6 short sword of the Jumping Whale {vorpal,
                  | rC++}
107500 | Zig:25   | Entered Level 25 of a ziggurat
107548 | Zig:25   | Noticed a royal mummy
107554 | Zig:25   | Noticed a royal mummy
107564 | Zig:25   | Killed a royal mummy
107565 | Zig:25   | Killed a royal mummy
107585 | Zig:25   | Noticed a royal mummy
107589 | Zig:25   | Noticed a royal mummy
107590 | Zig:25   | Killed a royal mummy
107599 | Zig:25   | Noticed a royal mummy
107603 | Zig:25   | Killed a royal mummy
107612 | Zig:25   | Killed a royal mummy
107640 | Zig:25   | Noticed a royal mummy
107644 | Zig:25   | Killed a royal mummy
107754 | Zig:25   | Identified the +6 trident "Gaeluini" {vorpal, rPois rCorr
                  | Str+5 Int-5}
107763 | Zig:25   | Identified the +4 dagger of the Disturbing Lovers {freeze,
                  | rF++ rCorr Str+2 Int-2 Dex-4}
107764 | Zig:25   | Identified the +7 battleaxe "Hydraslayer" {antimagic,
                  | Dex+3}
107765 | Zig:25   | Identified the +12 falchion "Buamp" {venom, Int+4 Dex+2}
107767 | Zig:25   | Identified the +9 shortbow "Uhoref" {freeze, Stlth+}
107769 | Zig:25   | Identified the +7 ring mail "Xischodiu" {rPois}
107778 | Zig:25   | Identified the +1 plate armour "Merikhloa" {rPois Will-
                  | Str+5}
107780 | Zig:25   | Identified the +2 falchion of the Mosquito {antimagic, rN++
                  | Will- SInv}
107979 | Zig:26   | Entered Level 26 of a ziggurat
108084 | Zig:26   | Reached skill level 27 in Earth Magic
108307 | Zig:26   | Identified the +3 great sword of the Hurling Saviour
                  | {vorpal, Int+4}
108387 | Zig:27   | Entered Level 27 of a ziggurat
108471 | Zig:27   | Reached skill level 27 in Hexes
108505 | Zig:27   | Identified the +7 tower shield "Wofuf" {*Corrode rF+++
                  | Regen+ Str-2}
108855 | Zig:27   | Identified the amulet of Nunoac {Spirit *Slow rC+ Str+8}
108871 | Zig:27   | Identified the +1 plate armour of Filth {rF+}
108875 | Zig:27   | Identified the +8 halberd "Ahiol" {elec, Drain rElec Will+}
108890 | Zig:27   | Identified the +6 long sword of the Establishment {venom,
                  | *Rage rC+ Dex+2}
109098 | Pan      | Entered Pandemonium
109470 | Pan      | Noticed Coaget the pandemonium lord
109483 | Pan      | Killed Coaget the pandemonium lord
109590 | Pan      | Got a demonic rune of Zot
109746 | Pan      | Reached skill level 27 in Ice Magic
110964 | Pan      | Noticed Ixzyipn the pandemonium lord
110977 | Pan      | Killed Ixzyipn the pandemonium lord
111525 | Pan      | Noticed Naczipeb the pandemonium lord
111542 | Pan      | Killed Naczipeb the pandemonium lord
111603 | Pan      | Identified the +4 spear "Goblinslayer" {freeze, rF+}
111692 | Pan      | Entered the realm of Lom Lobon.
111981 | Pan      | Noticed Lom Lobon
111991 | Pan      | Killed Lom Lobon
112016 | Pan      | Got a magical rune of Zot
112224 | Pan      | Found a runed translucent door.
112228 | Pan      | Found a runed translucent door.
112236 | Pan      | Found a runed translucent door.
112390 | Pan      | Entered the realm of Gloorx Vloq.
112501 | Pan      | Got a dark rune of Zot
112532 | Pan      | Found an exit through the horrors of the Abyss.
113168 | Pan      | Noticed West the pandemonium lord
113188 | Pan      | Killed West the pandemonium lord
113256 | Pan      | Reached skill level 27 in Fire Magic
113333 | Pan      | Noticed Gloorx Vloq
113348 | Pan      | Killed Gloorx Vloq
113425 | Pan      | Entered the realm of Cerebov.
113427 | Pan      | Found the +6 sword of Cerebov {flame}
113427 | Pan      | Noticed Cerebov
113447 | Pan      | Killed Cerebov
113457 | Pan      | Got a fiery rune of Zot
113643 | Pan      | Found an exit through the horrors of the Abyss.
113786 | Pan      | Reached skill level 27 in Conjurations
113901 | Pan      | Reached skill level 27 in Summonings
113901 | Pan      | Reached skill level 27 in Necromancy
113901 | Pan      | Reached skill level 27 in Translocations
113901 | Pan      | Reached skill level 27 in Transmutations
113901 | Pan      | Reached skill level 27 in Air Magic
113901 | Pan      | Reached skill level 27 in Poison Magic
113955 | Pan      | Identified the ring "Hedaxkapp" {rElec rPois Str+6}
113966 | Pan      | Identified the +2 long sword of the Evening {pain, rC- MP+9
                  | Int+8 Dex+5}
113989 | Pan      | Identified the +5 war axe of the Devouring Gods {freeze,
                  | Int-3 Dex+6}
114017 | Pan      | Identified the +0 helmet of the Pit {Str+3 Int+4}
114040 | Pan      | Identified the +8 war axe "Durary" {antimagic, rPois rN+
                  | Int+4}
114098 | Pan      | Identified the ring "Uciawi Zash" {Fly rElec rC- Str+8
                  | SInv}
114103 | Pan      | Identified the +2 glaive of the End of Times {vamp, Fly}
114167 | Pan      | Entered the realm of Mnoleg.
114254 | Pan      | Gained mutation: Your body sometimes deteriorates upon
                  | taking damage. [a neqoxec]
114316 | Pan      | Found an exit through the horrors of the Abyss.
114511 | Pan      | Noticed Mnoleg
114529 | Pan      | Paralysed by a floating eye for 2 turns
114538 | Pan      | Killed Mnoleg
114598 | Pan      | Got a glowing rune of Zot
115138 | Pan      | Noticed Binu the pandemonium lord
115145 | Pan      | Killed Binu the pandemonium lord
115369 | Pan      | Acquired 696 gold pieces
115475 | Pan      | Identified the +8 dire flail "Dolauhoa" {vorpal, rC+}
115509 | Pan      | Found an exit through the horrors of the Abyss.
115718 | Pan      | Noticed Mennas
115732 | Pan      | Killed Mennas
116033 | Depths:2 | Escaped Pandemonium
116249 | Zot:5    | Got the Orb of Zot
117087 | D:1      | Noticed Yrud the pandemonium lord
117095 | D:1      | Killed Yrud the pandemonium lord
117145 | D:1      | Noticed Vuemn the pandemonium lord
117165 | D:1      | Killed Vuemn the pandemonium lord
117177 | D:$      | Escaped with the Orb!

Illustrated notes

Levels and vault maps discovered:
D:1:      heliophobic_arrival_ceremonial_halls, layout_rooms,
          shapermc_ecumenical_altar_mp_highgroup
D:2:      layout_rooms, serial_glass, glass_columns_b, glass_columns_c,
          uniq_terence
D:3:      layout_rooms, nicolae_overflow_hidden_temple, uniq_crazy_yiuf_cottage
D:4:      layout_loops_ring, hangedman_decor_clover_reticule
D:5:      layout_basic, mainiacjoe_overflow_paths,
          grunt_temple_overflow_diamond, minmay_temple_entry_nine_rooms,
          ebering_ghost_reflecting_pool, minivault_14,
          nicolae_shop_i_like_big_books, chequers_mini_garden,
          hangedman_decor_peaks_small, minmay_bent
D:6:      layout_basic, amethyst_overflow_temple_binary, dk_noncrumbling_4,
          uniq_pikel, uniq_prince_ribbit1
D:7:      layout_loops_cross, general_overflow_altar, grunt_ministairs_9,
          minmay_checkerbox
D:8:      layout_loops_ring, lemuel_round_altar,
          ploomutoo_gammafunk_ghost_potion_laboratory, uniq_maurice
D:9:      layout_long_grid, kennysheep_mini_moat, minmay_chambers_of_fives
D:10:     layout_loops_cross, nemelex_diamond_rough_becter, enter_bailey_5,
          gammafunk_ghost_nasty_kobolds, minmay_misc_feat_roman, uniq_lodul
D:11:     layout_cave_pods, grunt_lair_entry_orc_guard_hut, zombieorc2_lemuel,
          portal_ice_cave_entry_ice_simulacra, grunt_decor_junction,
          chequers_avenue
D:12:     layout_cave_pods, hangedman_abyss_or_decor_stagger, nicolae_sextant,
          nicolae_benzene_ring
D:13:     layout_rooms, minmay_misc_feat_rugged
D:14:     layout_basic, david_vaults_3, tso_metal_star, grunt_decor_clamped,
          uniq_louise, uniq_rupert
D:15:     gammafunk_depths_entry_grave, layout_long_grid, roderic_malta_cross,
          uniq_kirke
Temple:   nicolae_temple_bog_church
Lair:1:   layout_regular_city, nicolae_lair_lil_pond, kennysheep_rathole
Lair:2:   layout_long_grid, skrybe_swamp_entry_bodies,
          ebering_ghost_disaster_area, lightli_volcano_entry_magma_tube,
          minmay_stone_trees_large, nicolae_quartered_pool_super,
          kennysheep_abandoned_house, infiniplex_staircase_pool, uniq_maggie
Lair:3:   regret_index_tunnel_blossom, layout_cave_pods,
          nicolae_spider_entry_orb_guardian, serial_bayou_pond_d, uniq_nessos
Lair:4:   layout_gridlike, minmay_holes, serial_bayou_shore_a,
          grunt_megastairs_1, uniq_urug
Lair:5:   hangedman_lair_in_review, layout_regular_city,
          hangedman_lair_caniforms_friends, slime_entry_1, serial_forest,
          infiniplex_forest_fountain, infiniplex_forest_lined_2,
          infiniplex_forest_diagonal, infiniplex_forest_straight_3,
          infiniplex_forest_lined_room_2, basic_altar, wad_woods_road_06
Swamp:1:  layout_basic_swamp, evilmike_swamp_ruin_house_5, swamp_pool3,
          statue_in_the_mist_lemuel
Swamp:2:  layout_falls_marsh, evilmike_swamp_ruin_house_2, swamp_pool4,
          hangedman_swamp_wriggling
Swamp:3:  layout_basic_swamp, evilmike_swamp_ruin_house_1, swamp_pool1,
          uniq_jorgrun
Swamp:4:  swamp, layout_basic_swamp
Spider:1: layout_spider_delve
Spider:2: nicolae_spider_mines_2, nicolae_spider_cling_ruins
Spider:3: nicolae_spider_hilbert_zone_5 [nicolae_spider_hilbert_3_sides_1_open,
          nicolae_spider_hilbert_4_sides_1_open,
          nicolae_spider_hilbert_4_sides_1_open,
          nicolae_spider_hilbert_6_sides_1_open,
          nicolae_spider_hilbert_6_sides_1_open], special_room
          [special_room_bee]
Spider:4: grunt_spider_rune_island, uniq_agnes, uniq_arachne, uniq_donald
Slime:1:  cheibrodos_slime_lost_civilization_10, layout_caves
Slime:2:  layout_caves
Slime:3:  layout_caves
Slime:4:  layout_caves, cheibrodos_slime_lost_civilization_4
Slime:5
Orc:1:    layout_caves, basic_altar
Orc:2:    grunt_orc_gardens, layout_diamond_mine, grunt_orc_garden,
          grunt_orc_garden, grunt_orc_garden, grunt_orc_garden, basic_altar,
          special_room
Elf:1:    nicolae_elf_arrival_no_cutting_in_line, layout_loops_corners,
          serial_shops, shop, portal_desolation_entry_garden,
          minmay_elf_crystal_hexagon, st_stairs_2
Elf:2:    nicolae_elf_blades_splatter_lattice
          [nicolae_blade_entry_area_security], layout_geoelf_octagon,
          basic_altar, mu_enter_wizlab_7
Elf:3:    minmay_elf_hall_statues, layout_loops_cross, minivault_16,
          uniq_roxanne, uniq_mara
Vaults:1: v_misc_19, vaults_standard_mumra_enter_the_diamond, v_rooms_5,
          st_quartered_hall, nicolae_vaults_bisected_exclaves, v_misc_4,
          v_misc_18, nicolae_vaults_ring_of_whatevers, vaults_room_fours,
          ontoclasm_vaults_pinch, layout_vaults_omnibox, uniq_asterion
Vaults:2: ontoclasm_vaults_shout, v_misc_10, v_rooms_5,
          nicolae_vaults_shelves_hall, vaults_room_large_hall, v_alt_pattern_3,
          nicolae_vaults_little_squares_1, hangedman_vaults_trim,
          ontoclasm_vaults_decontamination, nicolae_vaults_twisting_passages,
          v_misc_8, layout_vaults_big_room
Vaults:3: nicolae_vaults_little_squares_2, nicolae_vaults_meeting, v_misc_14,
          vaults_dpeg_hooks, hangedman_vaults_pinch, v_misc_13,
          nicolae_vaults_gold_heap, nicolae_vaults_ninety_degrees,
          hangedman_vaults_corner_blocks, grunt_vaults_hallway_short,
          layout_vaults_big_cross, serial_shops, statue_bzr
Vaults:4: v_misc_31, vaults_room_stairs_pillars, vaults_room_boxed,
          hangedman_vaults_snaps, ontoclasm_vaults_spin,
          vaults_dpeg_encased_lava, nicolae_vaults_little_squares_3,
          v_pattern_2, grunt_vaults_hallway_short, layout_vaults_omnigrid,
          uniq_zenata
Vaults:5: serial_shops
Crypt:1:  layout_misc_corridors
Crypt:2:  layout_gridlike, gammafunk_ghost_crypt, minivault_27
Crypt:3:  due_elkab, layout_chaotic_city
Tomb:1
Tomb:2
Tomb:3
Depths:1: layout_gridville, enter_ziggurat_e, abyss_entry, columned_hall_lemuel,
          nicolae_hell_entry_hellmouth_sunbeams, kennysheep_generic_room_4,
          minmay_shop_grove
Depths:2: kennysheep_room_grid, layout_cave_shapes, abyss_entry,
          hangedman_coc_ice_floe, chequers_decorated_corner, serial_shops,
          nicolae_shop_trees, serial_glass, glass_columns_b, glass_columns_b,
          rand_demon_pan_entry_5
Depths:3: minmay_textured_paths, layout_basic, pf_hell_entry_tar_river,
          abyss_entry, hallowed_hall, infiniplex_staircase_9_rooms,
          uniq_saint_roka
Depths:4: grunt_zot_entry_bicorn, layout_basic, grunt_hell_entry_dis_mu,
          amcnicky_mini_pool_small, serial_bayou_pond_c
Hell
Dis:1:    layout_regular_city
Dis:2:    layout_jigsaw
Dis:3:    hangedman_dis_monolith, layout_regular_city
Dis:4:    kennysheep_iron_temple, layout_subdivisions,
          nicolae_hells_hurtin_island
Dis:5:    layout_subdivisions
Dis:6:    layout_regular_city
Dis:7:    dis_st
Geh:1:    layout_gehenna_pools_box
Geh:2:    layout_gehenna_pools_triple
Geh:3:    layout_gehenna_lava_caves
Geh:4:    layout_gehenna_pools_basic
Geh:5:    layout_gehenna_pools_basic, nicolae_geh_isolated_escape
Geh:6:    layout_gehenna_lava_caves
Geh:7:    geh_grunt_pentagon
Coc:1:    layout_ice_bergs
Coc:2:    layout_ice_bergs
Coc:3:    layout_cocytus_water_paths
Coc:4:    layout_ice_bergs
Coc:5:    layout_cocytus_water_paths
Coc:6:    layout_cocytus_delve
Coc:7:    coc_grunt_cove [coc_grunt_cove_antaeus, coc_grunt_cove_fiend,
          coc_grunt_cove_fiend, coc_grunt_cove_fiend, coc_grunt_cove_fiend]
Tar:1:    layout_grid_maze
Tar:2:    hangedman_restless_catacombs
Tar:3:    layout_grid_maze
Tar:4:    layout_cathedral_of_symmetry, nicolae_tar_cuneiform_bread
Tar:5:    layout_grid_maze
Tar:6:    layout_grid_maze, nicolae_hells_fiendish_ambush
Tar:7:    tar_grunt_cathedral
Zot:1:    layout_twisted_circle, zot_minivault_5
Zot:2:    layout_gridlike, lemuel_baited_zot_trap, grunt_megastairs_5
Zot:3:    layout_onion_interference, grunt_ministairs_15,
          st_single_dragon_hoard_1, grunt_megastairs_3
Zot:4:    gammafunk_sealed_library, layout_gridville, grunt_ministairs_12,
          uniq_vv
Zot:5:    layout_basic

Skill      XL: |  1  2  3  4  5  6  7  8  9 10 11 12 13 14 15 16 17 18 19 20 21 22 23 24 25 26 27 |
---------------+----------------------------------------------------------------------------------+-----
Conjurations   | 2 3 4 5 6 7 8 9 10 11 12 13 14 15 16 27 | 27.0
Spellcasting   | 5 6 7 8 9 10 11 12 13 14 15 16 17 18 19 27 | 27.0
Fighting       | 1 2 3 4 5 6 7 8 9 10 11 12 13 14 15 16 17 18 27 | 27.0
Short Blades   | 1 2 3 4 5 6 7 8 9 10 11 12 13 14 15 16 17 18 27 | 27.0
Long Blades    | 1 2 3 4 5 6 7 8 9 10 11 12 13 14 15 16 17 18 27 | 27.0
Axes           | 1 2 3 4 5 6 7 8 9 10 11 12 13 14 15 16 17 18 27 | 27.0
Maces & Flails | 1 2 3 4 5 6 7 8 9 10 11 12 13 14 15 16 17 18 19 27 | 27.0
Polearms       | 1 2 3 4 5 6 7 8 9 10 11 12 13 14 15 16 17 18 27 | 27.0
Staves         | 1 2 3 4 5 6 7 8 9 10 11 12 13 14 15 16 17 18 27 | 27.0
Ranged Weapons | 1 2 3 4 5 6 7 8 9 10 11 12 13 14 15 16 17 18 27 | 27.0
Throwing       | 1 2 3 4 5 6 7 8 9 10 11 12 13 14 15 16 17 18 27 | 27.0
Armour         | 1 2 3 4 5 6 7 8 9 10 11 12 13 14 15 16 17 18 27 | 27.0
Shields        | 1 2 3 4 5 6 7 8 9 10 11 12 13 14 15 16 17 18 27 | 27.0
Unarmed Combat | 1 2 3 4 5 6 7 8 9 10 11 12 13 14 15 16 17 18 27 | 27.0
Invocations    | 1 2 3 4 5 6 7 8 10 11 12 13 14 15 16 17 18 19 20 27 | 27.0
Evocations     | 1 2 3 4 5 6 7 8 9 10 11 12 13 14 15 16 17 18 27 | 27.0
Hexes          | 1 2 3 4 5 6 7 8 9 10 11 12 13 14 15 27 | 27.0
Summonings     | 1 2 3 4 5 6 7 8 9 10 11 12 13 14 15 27 | 27.0
Necromancy     | 1 2 3 4 5 6 7 8 9 10 11 12 13 14 15 27 | 27.0
Translocations | 1 2 3 4 5 6 7 8 9 10 11 12 13 14 15 27 | 27.0
Transmutations | 1 2 3 4 5 6 7 8 9 10 11 12 13 14 15 27 | 27.0
Ice Magic      | 1 2 3 4 5 6 7 8 9 10 11 12 13 14 15 27 | 27.0
Air Magic      | 1 2 3 4 5 6 7 8 9 10 11 12 13 14 15 27 | 27.0
Earth Magic    | 1 2 3 4 5 6 7 8 9 10 11 12 13 14 15 16 17 27 | 27.0
Poison Magic   | 1 2 3 4 5 6 7 8 9 10 11 12 13 14 15 27 | 27.0
Dodging        | 5 6 7 8 9 10 11 12 13 14 15 16 17 18 19 27 | 27.0
Stealth        | 5 6 7 8 9 10 11 12 13 14 15 16 17 18 19 27 | 27.0
Fire Magic     | 6 7 8 9 10 11 12 13 14 15 16 27 | 27.0

Action                   |  1- 3 |  4- 6 |  7- 9 | 10-12 | 13-15 | 16-18 | 19-21 | 22-24 | 25-27 || total
-------------------------+-------+-------+-------+-------+-------+-------+-------+-------+-------++-------
Melee: Staff             |     1 |       |       |       |       |       |       |       |       ||     1
       War axe           |     1 |     4 |   147 |   271 |       |       |       |       |       ||   423
       Bite              |       |     1 |    15 |    44 |   132 |   147 |   243 |   101 |  1939 ||  2622
       Dagger            |       |       |       |    14 |    72 |       |       |       |       ||    86
       Demon trident     |       |       |       |       |   883 |  1204 |  1240 |   749 |  3690 ||  7766
       Unarmed           |       |       |       |       |       |       |    31 |   525 |  4069 ||  4625
       Punch             |       |       |       |       |       |       |     4 |    74 |   146 ||   224
       Rapier            |       |       |       |       |       |       |       |       |  1109 ||  1109
       Katana            |       |       |       |       |       |       |       |       |   210 ||   210
Throw: Dart              |       |       |       |     4 |    16 |    11 |     1 |     2 |    15 ||    49
       Stone             |       |       |       |     1 |       |       |       |       |       ||     1
 Cast: Foxfire           |    85 |   131 |    92 |   333 |   270 |   174 |       |    19 |       ||  1104
       Scorch            |       |     8 |    57 |   111 |    64 |    35 |       |     9 |       ||   284
       Flame Wave        |       |       |       |     6 |       |     3 |     3 |       |       ||    12
       Irradiate         |       |       |       |       |    32 |    66 |    74 |    25 |   158 ||   355
       Borgnjor's Vile C |       |       |       |       |     3 |    17 |    12 |     4 |    92 ||   128
       Ozocubu's Armour  |       |       |       |       |     1 |     2 |     4 |    14 |    16 ||    37
       Lesser Beckoning  |       |       |       |       |       |    11 |    13 |    39 |    84 ||   147
       Wereblood         |       |       |       |       |       |     2 |       |     4 |     2 ||     8
       Storm Form        |       |       |       |       |       |       |     2 |    48 |    75 ||   125
       Yara's Violent Un |       |       |       |       |       |       |       |       |    57 ||    57
       Necromutation     |       |       |       |       |       |       |       |       |   265 ||   265
       Shatter           |       |       |       |       |       |       |       |       |   272 ||   272
       Maxwell's Capacit |       |       |       |       |       |       |       |       |    38 ||    38
       Dragon's Call     |       |       |       |       |       |       |       |       |    33 ||    33
       Dispel Undead     |       |       |       |       |       |       |       |       |    15 ||    15
       Ignition          |       |       |       |       |       |       |       |       |     6 ||     6
Invok: Slouch            |       |       |       |     5 |    10 |    11 |     9 |     2 |     8 ||    45
       Temporal Distorti |       |       |       |       |       |     1 |       |       |     1 ||     2
       Step From Time    |       |       |       |       |       |       |       |       |    11 ||    11
 Abil: Blinkbolt         |       |       |       |       |       |       |     1 |     8 |    10 ||    19
       End Transformatio |       |       |       |       |       |       |       |       |    12 ||    12
Evoke: Wand              |       |       |       |     1 |       |       |       |       |     2 ||     3
       Condenser vane    |       |       |       |       |       |       |       |       |     6 ||     6
       Phantom mirror    |       |       |       |       |       |       |       |       |     4 ||     4
       Box of beasts     |       |       |       |       |       |       |       |       |     3 ||     3
  Use: Scroll            |       |       |       |    14 |    13 |     8 |     5 |     3 |    31 ||    74
       Potion            |       |       |       |     2 |       |     1 |       |       |    47 ||    50
 Stab: Sleeping          |       |       |    11 |     6 |    18 |    34 |    41 |    47 |   155 ||   312
       Distracted        |       |       |       |     1 |    10 |     9 |     7 |    13 |    84 ||   124
       Held in net/web   |       |       |       |       |       |     1 |       |       |       ||     1
       Confused          |       |       |       |       |       |     1 |       |       |       ||     1
       Invisible         |       |       |       |       |       |       |     1 |       |       ||     1
       Petrifying        |       |       |       |       |       |       |       |       |     2 ||     2
       Petrified         |       |       |       |       |       |       |       |       |     1 ||     1
Armor: Robe              |     2 |       |       |       |       |       |       |       |       ||     2
       Leather armour    |       |     5 |    53 |       |     5 |       |       |       |       ||    63
       Shadow dragon sca |       |       |    15 |    90 |   325 |   485 |   322 |   143 |  1890 ||  3270
       Steam dragon scal |       |       |       |    74 |       |       |       |       |       ||    74
       Ice dragon scales |       |       |       |    14 |       |       |       |       |       ||    14
       Skin              |       |       |       |       |       |       |     3 |    71 |   146 ||   220
       Gold dragon scale |       |       |       |       |       |       |       |       |   156 ||   156
Dodge: Dodged            |     8 |     8 |   101 |   278 |   483 |   726 |   583 |   826 |  6465 ||  9478
Block: Kite shield       |       |       |   121 |   402 |   809 |  1220 |  1069 |   487 |  6982 || 11090
       Reflection        |       |       |       |       |       |       |       |    16 |   174 ||   190
       Other             |       |       |       |       |       |       |       |     5 |    17 ||    22
       Tower shield      |       |       |       |       |       |       |       |       |  1368 ||  1368
